Workbook

Sheet Scenarios
B2: Абсолютная доходность портфеля (облигации+акции+индексы+ETF) | C2: Ожидаемая инфляция | D2: Ожидаемый прирост цены на недвижимость | E2: Ожидаемая дохождность после 20-го года владения портфелем
A3: Best case | B3: =B4+1% -> 0.11 | C3: =C4-0.5% -> 0.025 | D3: =D4-1% -> 0.04 | E3: =E4+1% -> 0.08
A4: Base case | B4: 0.1 | C4: 0.03 | D4: 0.05 | E4: 0.07
A5: Worst case | B5: =B4-1% -> 0.09 | C5: =C4+0.5% -> 0.035 | D5: =D4+1% -> 0.06 | E5: =E4-1% -> 0.06
B6: 2 | C6: 2 | D6: 2 | E6: 2
B7: {=INDEX(B3:B5,B6)} -> 0.1 | C7: {=INDEX(C3:C5,C6)} -> 0.03 | D7: {=INDEX(D3:D5,D6)} -> 0.05 | E7: {=INDEX(E3:E5,E6)} -> 0.07

Sheet Total cost schedule
A1: Total cost schedule
D2: Ulugbek | G2: Ashirali | L2: Maha | P2: Total
C3: Total costs | D3: R14 | E3: A18 | F3: S24 | G3: B15 | H3: S18 | I3: E20 | J3: I24 | K3: M24 | L3: А15 | M3: А14 | N3: С10 | O3: А8 | P3: E | Q3: P | R3: V
B4: 2029 | C4: =VLOOKUP(B4,'Children Ashirali'!$B$107:$H$130,7,0)+VLOOKUP(B4,'Children Ulugbek'!$B$103:$F$126,5,0)+VLOOKUP(B4,'Children Maha'!B105:G128,6,0) -> 56275.44 | L4: E | P4: =COUNTIF(D4:O4,$P$3) -> 1 | Q4: =COUNTIF(D4:O4,$Q$3) -> 0 | R4: =COUNTIF(D4:O4,$R$3) -> 0
B5: =B4+1 -> 2030 | C5: =VLOOKUP(B5,'Children Ashirali'!$B$107:$H$130,7,0)+VLOOKUP(B5,'Children Ulugbek'!$B$103:$F$126,5,0)+VLOOKUP(B5,'Children Maha'!B106:G129,6,0) -> 115927.41 | L5: E | M5: E | P5: =COUNTIF(D5:O5,$P$3) -> 2 | Q5: =COUNTIF(D5:O5,$Q$3) -> 0 | R5: =COUNTIF(D5:O5,$R$3) -> 0
B6: =B5+1 -> 2031 | C6: =VLOOKUP(B6,'Children Ashirali'!$B$107:$H$130,7,0)+VLOOKUP(B6,'Children Ulugbek'!$B$103:$F$126,5,0)+VLOOKUP(B6,'Children Maha'!B107:G130,6,0) -> 119405.23 | L6: E | M6: E | P6: =COUNTIF(D6:O6,$P$3) -> 2 | Q6: =COUNTIF(D6:O6,$Q$3) -> 0 | R6: =COUNTIF(D6:O6,$R$3) -> 0
B7: =B6+1 -> 2032 | C7: =VLOOKUP(B7,'Children Ashirali'!$B$107:$H$130,7,0)+VLOOKUP(B7,'Children Ulugbek'!$B$103:$F$126,5,0)+VLOOKUP(B7,'Children Maha'!B108:G131,6,0) -> 122987.39 | L7: E | M7: E | P7: =COUNTIF(D7:O7,$P$3) -> 2 | Q7: =COUNTIF(D7:O7,$Q$3) -> 0 | R7: =COUNTIF(D7:O7,$R$3) -> 0
B8: =B7+1 -> 2033 | C8: =VLOOKUP(B8,'Children Ashirali'!$B$107:$H$130,7,0)+VLOOKUP(B8,'Children Ulugbek'!$B$103:$F$126,5,0)+VLOOKUP(B8,'Children Maha'!B109:G132,6,0) -> 126677.01 | D8: E | M8: E | P8: =COUNTIF(D8:O8,$P$3) -> 2 | Q8: =COUNTIF(D8:O8,$Q$3) -> 0 | R8: =COUNTIF(D8:O8,$R$3) -> 0
B9: =B8+1 -> 2034 | C9: =VLOOKUP(B9,'Children Ashirali'!$B$107:$H$130,7,0)+VLOOKUP(B9,'Children Ulugbek'!$B$103:$F$126,5,0)+VLOOKUP(B9,'Children Maha'!B110:G133,6,0) -> 195715.98 | D9: E | G9: E | N9: E | P9: =COUNTIF(D9:O9,$P$3) -> 3 | Q9: =COUNTIF(D9:O9,$Q$3) -> 0 | R9: =COUNTIF(D9:O9,$R$3) -> 0
B10: =B9+1 -> 2035 | C10: =VLOOKUP(B10,'Children Ashirali'!$B$107:$H$130,7,0)+VLOOKUP(B10,'Children Ulugbek'!$B$103:$F$126,5,0)+VLOOKUP(B10,'Children Maha'!B111:G134,6,0) -> 690255.84 | D10: E | G10: E | L10: P | N10: E | P10: =COUNTIF(D10:O10,$P$3) -> 3 | Q10: =COUNTIF(D10:O10,$Q$3) -> 1 | R10: =COUNTIF(D10:O10,$R$3) -> 0
B11: =B10+1 -> 2036 | C11: =VLOOKUP(B11,'Children Ashirali'!$B$107:$H$130,7,0)+VLOOKUP(B11,'Children Ulugbek'!$B$103:$F$126,5,0)+VLOOKUP(B11,'Children Maha'!B112:G135,6,0) -> 789948.58 | D11: E | G11: E | M11: P | N11: E | O11: E | P11: =COUNTIF(D11:O11,$P$3) -> 4 | Q11: =COUNTIF(D11:O11,$Q$3) -> 1 | R11: =COUNTIF(D11:O11,$R$3) -> 0
B12: =B11+1 -> 2037 | C12: =VLOOKUP(B12,'Children Ashirali'!$B$107:$H$130,7,0)+VLOOKUP(B12,'Children Ulugbek'!$B$103:$F$126,5,0)+VLOOKUP(B12,'Children Maha'!B113:G136,6,0) -> 456243.48 | E12: E | G12: E | H12: E | L12: V | N12: E | O12: E | P12: =COUNTIF(D12:O12,$P$3) -> 5 | Q12: =COUNTIF(D12:O12,$Q$3) -> 0 | R12: =COUNTIF(D12:O12,$R$3) -> 1
B13: =B12+1 -> 2038 | C13: =VLOOKUP(B13,'Children Ashirali'!$B$107:$H$130,7,0)+VLOOKUP(B13,'Children Ulugbek'!$B$103:$F$126,5,0)+VLOOKUP(B13,'Children Maha'!B114:G137,6,0) -> 323077.42 | E13: E | H13: E | M13: V | O13: E | P13: =COUNTIF(D13:O13,$P$3) -> 3 | Q13: =COUNTIF(D13:O13,$Q$3) -> 0 | R13: =COUNTIF(D13:O13,$R$3) -> 1
B14: =B13+1 -> 2039 | C14: =VLOOKUP(B14,'Children Ashirali'!$B$107:$H$130,7,0)+VLOOKUP(B14,'Children Ulugbek'!$B$103:$F$126,5,0)+VLOOKUP(B14,'Children Maha'!B115:G138,6,0) -> 896497.42 | D14: P | E14: E | H14: E | I14: E | O14: E | P14: =COUNTIF(D14:O14,$P$3) -> 4 | Q14: =COUNTIF(D14:O14,$Q$3) -> 1 | R14: =COUNTIF(D14:O14,$R$3) -> 0
B15: =B14+1 -> 2040 | C15: =VLOOKUP(B15,'Children Ashirali'!$B$107:$H$130,7,0)+VLOOKUP(B15,'Children Ulugbek'!$B$103:$F$126,5,0)+VLOOKUP(B15,'Children Maha'!B116:G139,6,0) -> 1481052 | E15: E | G15: P | H15: E | I15: E | N15: P | P15: =COUNTIF(D15:O15,$P$3) -> 3 | Q15: =COUNTIF(D15:O15,$Q$3) -> 2 | R15: =COUNTIF(D15:O15,$R$3) -> 0
B16: =B15+1 -> 2041 | C16: =VLOOKUP(B16,'Children Ashirali'!$B$107:$H$130,7,0)+VLOOKUP(B16,'Children Ulugbek'!$B$103:$F$126,5,0)+VLOOKUP(B16,'Children Maha'!B117:G140,6,0) -> 192564.77 | D16: V | I16: E | P16: =COUNTIF(D16:O16,$P$3) -> 1 | Q16: =COUNTIF(D16:O16,$Q$3) -> 0 | R16: =COUNTIF(D16:O16,$R$3) -> 1
B17: =B16+1 -> 2042 | C17: =VLOOKUP(B17,'Children Ashirali'!$B$107:$H$130,7,0)+VLOOKUP(B17,'Children Ulugbek'!$B$103:$F$126,5,0)+VLOOKUP(B17,'Children Maha'!B118:G141,6,0) -> 1001646.5 | G17: V | I17: E | N17: V | O17: P | P17: =COUNTIF(D17:O17,$P$3) -> 1 | Q17: =COUNTIF(D17:O17,$Q$3) -> 1 | R17: =COUNTIF(D17:O17,$R$3) -> 2
B18: =B17+1 -> 2043 | C18: =VLOOKUP(B18,'Children Ashirali'!$B$107:$H$130,7,0)+VLOOKUP(B18,'Children Ulugbek'!$B$103:$F$126,5,0)+VLOOKUP(B18,'Children Maha'!B119:G142,6,0) -> 1699336.5 | E18: P | F18: E | H18: P | J18: E | K18: E | P18: =COUNTIF(D18:O18,$P$3) -> 3 | Q18: =COUNTIF(D18:O18,$Q$3) -> 2 | R18: =COUNTIF(D18:O18,$R$3) -> 0
B19: =B18+1 -> 2044 | C19: =VLOOKUP(B19,'Children Ashirali'!$B$107:$H$130,7,0)+VLOOKUP(B19,'Children Ulugbek'!$B$103:$F$126,5,0)+VLOOKUP(B19,'Children Maha'!B120:G143,6,0) -> 263025.91 | F19: E | J19: E | K19: E | P19: =COUNTIF(D19:O19,$P$3) -> 3 | Q19: =COUNTIF(D19:O19,$Q$3) -> 0 | R19: =COUNTIF(D19:O19,$R$3) -> 0
B20: =B19+1 -> 2045 | C20: =VLOOKUP(B20,'Children Ashirali'!$B$107:$H$130,7,0)+VLOOKUP(B20,'Children Ulugbek'!$B$103:$F$126,5,0)+VLOOKUP(B20,'Children Maha'!B121:G144,6,0) -> 1446189.4 | E20: V | F20: E | H20: V | I20: P | J20: E | K20: E | O20: V | P20: =COUNTIF(D20:O20,$P$3) -> 3 | Q20: =COUNTIF(D20:O20,$Q$3) -> 1 | R20: =COUNTIF(D20:O20,$R$3) -> 3
B21: =B20+1 -> 2046 | C21: =VLOOKUP(B21,'Children Ashirali'!$B$107:$H$130,7,0)+VLOOKUP(B21,'Children Ulugbek'!$B$103:$F$126,5,0)+VLOOKUP(B21,'Children Maha'!B122:G145,6,0) -> 279044.19 | F21: E | J21: E | K21: E | P21: =COUNTIF(D21:O21,$P$3) -> 3 | Q21: =COUNTIF(D21:O21,$Q$3) -> 0 | R21: =COUNTIF(D21:O21,$R$3) -> 0
B22: =B21+1 -> 2047 | C22: =VLOOKUP(B22,'Children Ashirali'!$B$107:$H$130,7,0)+VLOOKUP(B22,'Children Ulugbek'!$B$103:$F$126,5,0)+VLOOKUP(B22,'Children Maha'!B123:G146,6,0) -> 134127.24 | I22: V | P22: =COUNTIF(D22:O22,$P$3) -> 0 | Q22: =COUNTIF(D22:O22,$Q$3) -> 0 | R22: =COUNTIF(D22:O22,$R$3) -> 1
B23: =B22+1 -> 2048 | C23: =VLOOKUP(B23,'Children Ashirali'!$B$107:$H$130,7,0)+VLOOKUP(B23,'Children Ulugbek'!$B$103:$F$126,5,0)+VLOOKUP(B23,'Children Maha'!B124:G147,6,0) -> 0 | P23: =COUNTIF(D23:O23,$P$3) -> 0 | Q23: =COUNTIF(D23:O23,$Q$3) -> 0 | R23: =COUNTIF(D23:O23,$R$3) -> 0
B24: =B23+1 -> 2049 | C24: =VLOOKUP(B24,'Children Ashirali'!$B$107:$H$130,7,0)+VLOOKUP(B24,'Children Ulugbek'!$B$103:$F$126,5,0)+VLOOKUP(B24,'Children Maha'!B125:G148,6,0) -> 1935060 | F24: P | J24: P | P24: =COUNTIF(D24:O24,$P$3) -> 0 | Q24: =COUNTIF(D24:O24,$Q$3) -> 2 | R24: =COUNTIF(D24:O24,$R$3) -> 0
B25: =B24+1 -> 2050 | C25: =VLOOKUP(B25,'Children Ashirali'!$B$107:$H$130,7,0)+VLOOKUP(B25,'Children Ulugbek'!$B$103:$F$126,5,0)+VLOOKUP(B25,'Children Maha'!B126:G149,6,0) -> 1162470.9 | J25: V | K25: P | P25: =COUNTIF(D25:O25,$P$3) -> 0 | Q25: =COUNTIF(D25:O25,$Q$3) -> 1 | R25: =COUNTIF(D25:O25,$R$3) -> 1
B26: =B25+1 -> 2051 | C26: =VLOOKUP(B26,'Children Ashirali'!$B$107:$H$130,7,0)+VLOOKUP(B26,'Children Ulugbek'!$B$103:$F$126,5,0)+VLOOKUP(B26,'Children Maha'!B127:G150,6,0) -> 150961.39 | F26: V | P26: =COUNTIF(D26:O26,$P$3) -> 0 | Q26: =COUNTIF(D26:O26,$Q$3) -> 0 | R26: =COUNTIF(D26:O26,$R$3) -> 1
B27: =B26+1 -> 2052 | C27: =VLOOKUP(B27,'Children Ashirali'!$B$107:$H$130,7,0)+VLOOKUP(B27,'Children Ulugbek'!$B$103:$F$126,5,0)+VLOOKUP(B27,'Children Maha'!B128:G151,6,0) -> 155490.23 | K27: V | P27: =COUNTIF(D27:O27,$P$3) -> 0 | Q27: =COUNTIF(D27:O27,$Q$3) -> 0 | R27: =COUNTIF(D27:O27,$R$3) -> 1

Sheet Children Ulugbek
A2: Education cost schedule
A4: R14 | B4: 2014 | C4: Raniya | D4: Bachelor start age | E4: 19 | G4: Bachelor start Year | H4: 2025 | I4: =A4 -> R14 | K4: =A5 -> A18 | M4: =A6 -> S24 | O4: Ожидаемая инфляция | P4: 0.03
A5: A18 | B5: 2018 | C5: Ammar | E5: 19 | H5: =VLOOKUP(I4,$A$4:$B$6,2,0)+VLOOKUP(I4,$A$4:$E$6,5,0) -> 2033 | I5: =$P$6*(1+$P$4)^('Children Ulugbek'!H5-'Children Ulugbek'!$H$4) -> 63338.504 | J5: =VLOOKUP(K4,$A$4:$B$6,2,0)+VLOOKUP(K4,$A$4:$E$6,5,0) -> 2037 | K5: =$P$6*(1+$P$4)^(J5-$H$4) -> 71288.044 | L5: =VLOOKUP(M4,$A$4:$B$6,2,0)+VLOOKUP(M4,$A$4:$E$6,5,0) -> 2043 | M5: =$P$6*(1+$P$4)^(L5-$H$4) -> 85121.653 | O5: Ожидаемый прирост цены на недвижимость | P5: 0.05
A6: S24 | B6: 2024 | C6: Samina | E6: 19 | H6: =H5+1 -> 2034 | I6: =$P$6*(1+$P$4)^('Children Ulugbek'!H6-'Children Ulugbek'!$H$4) -> 65238.659 | J6: =J5+1 -> 2038 | K6: =$P$6*(1+$P$4)^(J6-$H$4) -> 73426.686 | L6: =L5+1 -> 2044 | M6: =$P$6*(1+$P$4)^(L6-$H$4) -> 87675.303 | O6: Ежегодные расходы на бакалавриат на 1 ребенка | P6: 50000
H7: =H6+1 -> 2035 | I7: =$P$6*(1+$P$4)^('Children Ulugbek'!H7-'Children Ulugbek'!$H$4) -> 67195.819 | J7: =J6+1 -> 2039 | K7: =$P$6*(1+$P$4)^(J7-$H$4) -> 75629.486 | L7: =L6+1 -> 2045 | M7: =$P$6*(1+$P$4)^(L7-$H$4) -> 90305.562 | O7: Единовременный расход на квартиру на 1 ребенка | P7: 300000
H8: =H7+1 -> 2036 | I8: =$P$6*(1+$P$4)^('Children Ulugbek'!H8-'Children Ulugbek'!$H$4) -> 69211.694 | J8: =J7+1 -> 2040 | K8: =$P$6*(1+$P$4)^(J8-$H$4) -> 77898.371 | L8: =L7+1 -> 2046 | M8: =$P$6*(1+$P$4)^(L8-$H$4) -> 93014.729 | O8: Единовременный расход на автомобиль на 1 ребенка | P8: 70000
C10: =A4 -> R14 | D10: =A5 -> A18 | E10: =A6 -> S24 | F10: Total
B11: 2029 | C11: =IFERROR(INDEX($I$5:$Q$8,MATCH($B11,$H$5:$H$8,0),MATCH(C$10,$I$4:$Q$4,0)),0) -> 0 | D11: =IFERROR(INDEX($I$5:$Q$8,MATCH($B11,$J$5:$J$8,0),MATCH(D$10,$I$4:$Q$4,0)),0) -> 0 | E11: =IFERROR(INDEX($I$5:$Q$8,MATCH($B11,$L$5:$L$8,0),MATCH(E$10,$I$4:$Q$4,0)),0) -> 0 | F11: =SUM(C11:E11) -> 0
B12: =B11+1 -> 2030 | C12: =IFERROR(INDEX($I$5:$Q$8,MATCH(B12,$H$5:$H$8,0),MATCH(C$10,$I$4:$Q$4,0)),0) -> 0 | D12: =IFERROR(INDEX($I$5:$Q$8,MATCH($B12,$J$5:$J$8,0),MATCH(D$10,$I$4:$Q$4,0)),0) -> 0 | E12: =IFERROR(INDEX($I$5:$Q$8,MATCH($B12,$L$5:$L$8,0),MATCH(E$10,$I$4:$Q$4,0)),0) -> 0 | F12: =SUM(C12:E12) -> 0
B13: =B12+1 -> 2031 | C13: =IFERROR(INDEX($I$5:$Q$8,MATCH(B13,$H$5:$H$8,0),MATCH(C$10,$I$4:$Q$4,0)),0) -> 0 | D13: =IFERROR(INDEX($I$5:$Q$8,MATCH($B13,$J$5:$J$8,0),MATCH(D$10,$I$4:$Q$4,0)),0) -> 0 | E13: =IFERROR(INDEX($I$5:$Q$8,MATCH($B13,$L$5:$L$8,0),MATCH(E$10,$I$4:$Q$4,0)),0) -> 0 | F13: =SUM(C13:E13) -> 0
B14: =B13+1 -> 2032 | C14: =IFERROR(INDEX($I$5:$Q$8,MATCH(B14,$H$5:$H$8,0),MATCH(C$10,$I$4:$Q$4,0)),0) -> 0 | D14: =IFERROR(INDEX($I$5:$Q$8,MATCH($B14,$J$5:$J$8,0),MATCH(D$10,$I$4:$Q$4,0)),0) -> 0 | E14: =IFERROR(INDEX($I$5:$Q$8,MATCH($B14,$L$5:$L$8,0),MATCH(E$10,$I$4:$Q$4,0)),0) -> 0 | F14: =SUM(C14:E14) -> 0
B15: =B14+1 -> 2033 | C15: =IFERROR(INDEX($I$5:$Q$8,MATCH(B15,$H$5:$H$8,0),MATCH(C$10,$I$4:$Q$4,0)),0) -> 63338.504 | D15: =IFERROR(INDEX($I$5:$Q$8,MATCH($B15,$J$5:$J$8,0),MATCH(D$10,$I$4:$Q$4,0)),0) -> 0 | E15: =IFERROR(INDEX($I$5:$Q$8,MATCH($B15,$L$5:$L$8,0),MATCH(E$10,$I$4:$Q$4,0)),0) -> 0 | F15: =SUM(C15:E15) -> 63338.504
B16: =B15+1 -> 2034 | C16: =IFERROR(INDEX($I$5:$Q$8,MATCH(B16,$H$5:$H$8,0),MATCH(C$10,$I$4:$Q$4,0)),0) -> 65238.659 | D16: =IFERROR(INDEX($I$5:$Q$8,MATCH($B16,$J$5:$J$8,0),MATCH(D$10,$I$4:$Q$4,0)),0) -> 0 | E16: =IFERROR(INDEX($I$5:$Q$8,MATCH($B16,$L$5:$L$8,0),MATCH(E$10,$I$4:$Q$4,0)),0) -> 0 | F16: =SUM(C16:E16) -> 65238.659
B17: =B16+1 -> 2035 | C17: =IFERROR(INDEX($I$5:$Q$8,MATCH(B17,$H$5:$H$8,0),MATCH(C$10,$I$4:$Q$4,0)),0) -> 67195.819 | D17: =IFERROR(INDEX($I$5:$Q$8,MATCH($B17,$J$5:$J$8,0),MATCH(D$10,$I$4:$Q$4,0)),0) -> 0 | E17: =IFERROR(INDEX($I$5:$Q$8,MATCH($B17,$L$5:$L$8,0),MATCH(E$10,$I$4:$Q$4,0)),0) -> 0 | F17: =SUM(C17:E17) -> 67195.819
B18: =B17+1 -> 2036 | C18: =IFERROR(INDEX($I$5:$Q$8,MATCH(B18,$H$5:$H$8,0),MATCH(C$10,$I$4:$Q$4,0)),0) -> 69211.694 | D18: =IFERROR(INDEX($I$5:$Q$8,MATCH($B18,$J$5:$J$8,0),MATCH(D$10,$I$4:$Q$4,0)),0) -> 0 | E18: =IFERROR(INDEX($I$5:$Q$8,MATCH($B18,$L$5:$L$8,0),MATCH(E$10,$I$4:$Q$4,0)),0) -> 0 | F18: =SUM(C18:E18) -> 69211.694
B19: =B18+1 -> 2037 | C19: =IFERROR(INDEX($I$5:$Q$8,MATCH(B19,$H$5:$H$8,0),MATCH(C$10,$I$4:$Q$4,0)),0) -> 0 | D19: =IFERROR(INDEX($I$5:$Q$8,MATCH($B19,$J$5:$J$8,0),MATCH(D$10,$I$4:$Q$4,0)),0) -> 71288.044 | E19: =IFERROR(INDEX($I$5:$Q$8,MATCH($B19,$L$5:$L$8,0),MATCH(E$10,$I$4:$Q$4,0)),0) -> 0 | F19: =SUM(C19:E19) -> 71288.044
B20: =B19+1 -> 2038 | C20: =IFERROR(INDEX($I$5:$Q$8,MATCH(B20,$H$5:$H$8,0),MATCH(C$10,$I$4:$Q$4,0)),0) -> 0 | D20: =IFERROR(INDEX($I$5:$Q$8,MATCH($B20,$J$5:$J$8,0),MATCH(D$10,$I$4:$Q$4,0)),0) -> 73426.686 | E20: =IFERROR(INDEX($I$5:$Q$8,MATCH($B20,$L$5:$L$8,0),MATCH(E$10,$I$4:$Q$4,0)),0) -> 0 | F20: =SUM(C20:E20) -> 73426.686
B21: =B20+1 -> 2039 | C21: =IFERROR(INDEX($I$5:$Q$8,MATCH(B21,$H$5:$H$8,0),MATCH(C$10,$I$4:$Q$4,0)),0) -> 0 | D21: =IFERROR(INDEX($I$5:$Q$8,MATCH($B21,$J$5:$J$8,0),MATCH(D$10,$I$4:$Q$4,0)),0) -> 75629.486 | E21: =IFERROR(INDEX($I$5:$Q$8,MATCH($B21,$L$5:$L$8,0),MATCH(E$10,$I$4:$Q$4,0)),0) -> 0 | F21: =SUM(C21:E21) -> 75629.486
B22: =B21+1 -> 2040 | C22: =IFERROR(INDEX($I$5:$Q$8,MATCH(B22,$H$5:$H$8,0),MATCH(C$10,$I$4:$Q$4,0)),0) -> 0 | D22: =IFERROR(INDEX($I$5:$Q$8,MATCH($B22,$J$5:$J$8,0),MATCH(D$10,$I$4:$Q$4,0)),0) -> 77898.371 | E22: =IFERROR(INDEX($I$5:$Q$8,MATCH($B22,$L$5:$L$8,0),MATCH(E$10,$I$4:$Q$4,0)),0) -> 0 | F22: =SUM(C22:E22) -> 77898.371
B23: =B22+1 -> 2041 | C23: =IFERROR(INDEX($I$5:$Q$8,MATCH(B23,$H$5:$H$8,0),MATCH(C$10,$I$4:$Q$4,0)),0) -> 0 | D23: =IFERROR(INDEX($I$5:$Q$8,MATCH($B23,$J$5:$J$8,0),MATCH(D$10,$I$4:$Q$4,0)),0) -> 0 | E23: =IFERROR(INDEX($I$5:$Q$8,MATCH($B23,$L$5:$L$8,0),MATCH(E$10,$I$4:$Q$4,0)),0) -> 0 | F23: =SUM(C23:E23) -> 0
... B34: =B33+1 -> 2052 | C34: =IFERROR(INDEX($I$5:$Q$8,MATCH(B34,$H$5:$H$8,0),MATCH(C$10,$I$4:$Q$4,0)),0) -> 0 | D34: =IFERROR(INDEX($I$5:$Q$8,MATCH($B34,$J$5:$J$8,0),MATCH(D$10,$I$4:$Q$4,0)),0) -> 0 | E34: =IFERROR(INDEX($I$5:$Q$8,MATCH($B34,$L$5:$L$8,0),MATCH(E$10,$I$4:$Q$4,0)),0) -> 0 | F34: =SUM(C34:E34) -> 0
A36: Property cost schedule
I37: =A4 -> R14 | J37: =A5 -> A18 | K37: =A6 -> S24
A38: =A4 -> R14 | B38: =B4 -> 2014 | C38: =C4 -> Raniya | D38: Property purchase age | E38: 25 | G38: Property purchase year | H38: =B38+E38 -> 2039 | I38: =$P$7*(1+$P$5)^($H38-$H$4) -> 593979.48 | J38: 0 | K38: 0
A39: =A5 -> A18 | B39: =B5 -> 2018 | C39: =C5 -> Ammar | E39: 25 | H39: =B39+E39 -> 2043 | I39: 0 | J39: =$P$7*(1+$P$5)^($H39-$H$4) -> 721985.77 | K39: 0
A40: =A6 -> S24 | B40: =B6 -> 2024 | C40: =C6 -> Samina | E40: 25 | H40: =B40+E40 -> 2049 | I40: 0 | J40: 0 | K40: =$P$7*(1+$P$5)^($H40-$H$4) -> 967529.98
C42: =A38 -> R14 | D42: =A39 -> A18 | E42: =A40 -> S24 | F42: Total
B43: 2029 | C43: =IFERROR(INDEX($I$38:$M$40,MATCH($B43,$H$38:$H$40,0),MATCH(C$42,$I$37:$M$37,0)),0) -> 0 | D43: =IFERROR(INDEX($I$38:$M$40,MATCH($B43,$H$38:$H$40,0),MATCH(D$42,$I$37:$M$37,0)),0) -> 0 | E43: =IFERROR(INDEX($I$38:$M$40,MATCH($B43,$H$38:$H$40,0),MATCH(E$42,$I$37:$M$37,0)),0) -> 0 | F43: =SUM(C43:E43) -> 0
B44: =B43+1 -> 2030 | C44: =IFERROR(INDEX($I$38:$M$40,MATCH($B44,$H$38:$H$40,0),MATCH(C$42,$I$37:$M$37,0)),0) -> 0 | D44: =IFERROR(INDEX($I$38:$M$40,MATCH($B44,$H$38:$H$40,0),MATCH(D$42,$I$37:$M$37,0)),0) -> 0 | E44: =IFERROR(INDEX($I$38:$M$40,MATCH($B44,$H$38:$H$40,0),MATCH(E$42,$I$37:$M$37,0)),0) -> 0 | F44: =SUM(C44:E44) -> 0
B45: =B44+1 -> 2031 | C45: =IFERROR(INDEX($I$38:$M$40,MATCH($B45,$H$38:$H$40,0),MATCH(C$42,$I$37:$M$37,0)),0) -> 0 | D45: =IFERROR(INDEX($I$38:$M$40,MATCH($B45,$H$38:$H$40,0),MATCH(D$42,$I$37:$M$37,0)),0) -> 0 | E45: =IFERROR(INDEX($I$38:$M$40,MATCH($B45,$H$38:$H$40,0),MATCH(E$42,$I$37:$M$37,0)),0) -> 0 | F45: =SUM(C45:E45) -> 0
B46: =B45+1 -> 2032 | C46: =IFERROR(INDEX($I$38:$M$40,MATCH($B46,$H$38:$H$40,0),MATCH(C$42,$I$37:$M$37,0)),0) -> 0 | D46: =IFERROR(INDEX($I$38:$M$40,MATCH($B46,$H$38:$H$40,0),MATCH(D$42,$I$37:$M$37,0)),0) -> 0 | E46: =IFERROR(INDEX($I$38:$M$40,MATCH($B46,$H$38:$H$40,0),MATCH(E$42,$I$37:$M$37,0)),0) -> 0 | F46: =SUM(C46:E46) -> 0
B47: =B46+1 -> 2033 | C47: =IFERROR(INDEX($I$38:$M$40,MATCH($B47,$H$38:$H$40,0),MATCH(C$42,$I$37:$M$37,0)),0) -> 0 | D47: =IFERROR(INDEX($I$38:$M$40,MATCH($B47,$H$38:$H$40,0),MATCH(D$42,$I$37:$M$37,0)),0) -> 0 | E47: =IFERROR(INDEX($I$38:$M$40,MATCH($B47,$H$38:$H$40,0),MATCH(E$42,$I$37:$M$37,0)),0) -> 0 | F47: =SUM(C47:E47) -> 0
B48: =B47+1 -> 2034 | C48: =IFERROR(INDEX($I$38:$M$40,MATCH($B48,$H$38:$H$40,0),MATCH(C$42,$I$37:$M$37,0)),0) -> 0 | D48: =IFERROR(INDEX($I$38:$M$40,MATCH($B48,$H$38:$H$40,0),MATCH(D$42,$I$37:$M$37,0)),0) -> 0 | E48: =IFERROR(INDEX($I$38:$M$40,MATCH($B48,$H$38:$H$40,0),MATCH(E$42,$I$37:$M$37,0)),0) -> 0 | F48: =SUM(C48:E48) -> 0
B49: =B48+1 -> 2035 | C49: =IFERROR(INDEX($I$38:$M$40,MATCH($B49,$H$38:$H$40,0),MATCH(C$42,$I$37:$M$37,0)),0) -> 0 | D49: =IFERROR(INDEX($I$38:$M$40,MATCH($B49,$H$38:$H$40,0),MATCH(D$42,$I$37:$M$37,0)),0) -> 0 | E49: =IFERROR(INDEX($I$38:$M$40,MATCH($B49,$H$38:$H$40,0),MATCH(E$42,$I$37:$M$37,0)),0) -> 0 | F49: =SUM(C49:E49) -> 0
B50: =B49+1 -> 2036 | C50: =IFERROR(INDEX($I$38:$M$40,MATCH($B50,$H$38:$H$40,0),MATCH(C$42,$I$37:$M$37,0)),0) -> 0 | D50: =IFERROR(INDEX($I$38:$M$40,MATCH($B50,$H$38:$H$40,0),MATCH(D$42,$I$37:$M$37,0)),0) -> 0 | E50: =IFERROR(INDEX($I$38:$M$40,MATCH($B50,$H$38:$H$40,0),MATCH(E$42,$I$37:$M$37,0)),0) -> 0 | F50: =SUM(C50:E50) -> 0
B51: =B50+1 -> 2037 | C51: =IFERROR(INDEX($I$38:$M$40,MATCH($B51,$H$38:$H$40,0),MATCH(C$42,$I$37:$M$37,0)),0) -> 0 | D51: =IFERROR(INDEX($I$38:$M$40,MATCH($B51,$H$38:$H$40,0),MATCH(D$42,$I$37:$M$37,0)),0) -> 0 | E51: =IFERROR(INDEX($I$38:$M$40,MATCH($B51,$H$38:$H$40,0),MATCH(E$42,$I$37:$M$37,0)),0) -> 0 | F51: =SUM(C51:E51) -> 0
B52: =B51+1 -> 2038 | C52: =IFERROR(INDEX($I$38:$M$40,MATCH($B52,$H$38:$H$40,0),MATCH(C$42,$I$37:$M$37,0)),0) -> 0 | D52: =IFERROR(INDEX($I$38:$M$40,MATCH($B52,$H$38:$H$40,0),MATCH(D$42,$I$37:$M$37,0)),0) -> 0 | E52: =IFERROR(INDEX($I$38:$M$40,MATCH($B52,$H$38:$H$40,0),MATCH(E$42,$I$37:$M$37,0)),0) -> 0 | F52: =SUM(C52:E52) -> 0
B53: =B52+1 -> 2039 | C53: =IFERROR(INDEX($I$38:$M$40,MATCH($B53,$H$38:$H$40,0),MATCH(C$42,$I$37:$M$37,0)),0) -> 593979.48 | D53: =IFERROR(INDEX($I$38:$M$40,MATCH($B53,$H$38:$H$40,0),MATCH(D$42,$I$37:$M$37,0)),0) -> 0 | E53: =IFERROR(INDEX($I$38:$M$40,MATCH($B53,$H$38:$H$40,0),MATCH(E$42,$I$37:$M$37,0)),0) -> 0 | F53: =SUM(C53:E53) -> 593979.48
B54: =B53+1 -> 2040 | C54: =IFERROR(INDEX($I$38:$M$40,MATCH($B54,$H$38:$H$40,0),MATCH(C$42,$I$37:$M$37,0)),0) -> 0 | D54: =IFERROR(INDEX($I$38:$M$40,MATCH($B54,$H$38:$H$40,0),MATCH(D$42,$I$37:$M$37,0)),0) -> 0 | E54: =IFERROR(INDEX($I$38:$M$40,MATCH($B54,$H$38:$H$40,0),MATCH(E$42,$I$37:$M$37,0)),0) -> 0 | F54: =SUM(C54:E54) -> 0
B55: =B54+1 -> 2041 | C55: =IFERROR(INDEX($I$38:$M$40,MATCH($B55,$H$38:$H$40,0),MATCH(C$42,$I$37:$M$37,0)),0) -> 0 | D55: =IFERROR(INDEX($I$38:$M$40,MATCH($B55,$H$38:$H$40,0),MATCH(D$42,$I$37:$M$37,0)),0) -> 0 | E55: =IFERROR(INDEX($I$38:$M$40,MATCH($B55,$H$38:$H$40,0),MATCH(E$42,$I$37:$M$37,0)),0) -> 0 | F55: =SUM(C55:E55) -> 0
... B66: =B65+1 -> 2052 | C66: =IFERROR(INDEX($I$38:$M$40,MATCH($B66,$H$38:$H$40,0),MATCH(C$42,$I$37:$M$37,0)),0) -> 0 | D66: =IFERROR(INDEX($I$38:$M$40,MATCH($B66,$H$38:$H$40,0),MATCH(D$42,$I$37:$M$37,0)),0) -> 0 | E66: =IFERROR(INDEX($I$38:$M$40,MATCH($B66,$H$38:$H$40,0),MATCH(E$42,$I$37:$M$37,0)),0) -> 0 | F66: =SUM(C66:E66) -> 0
A68: Vehicle cost schedule
I69: =A70 -> R14 | J69: =A71 -> A18 | K69: =A72 -> S24
A70: =A4 -> R14 | B70: =B4 -> 2014 | C70: =C4 -> Raniya | D70: Property purchase age | E70: 27 | G70: Property purchase year | H70: =B70+E70 -> 2041 | I70: =$P$8*(1+$P$4)^($H70-$H$4) -> 112329.45 | J70: 0 | K70: 0
A71: =A5 -> A18 | B71: =B5 -> 2018 | C71: =C5 -> Ammar | E71: 27 | H71: =B71+E71 -> 2045 | I71: 0 | J71: =$P$8*(1+$P$4)^($H71-$H$4) -> 126427.79 | K71: 0
A72: =A6 -> S24 | B72: =B6 -> 2024 | C72: =C6 -> Samina | E72: 27 | H72: =B72+E72 -> 2051 | I72: 0 | J72: 0 | K72: =$P$8*(1+$P$4)^($H72-$H$4) -> 150961.39
C74: =A70 -> R14 | D74: =A71 -> A18 | E74: =A72 -> S24 | F74: Total
B75: 2029 | C75: =IFERROR(INDEX($I$70:$M$72,MATCH($B75,$H$70:$H$72,0),MATCH(C$74,$I$69:$M$69,0)),0) -> 0 | D75: =IFERROR(INDEX($I$70:$M$72,MATCH($B75,$H$70:$H$72,0),MATCH(D$74,$I$69:$M$69,0)),0) -> 0 | E75: =IFERROR(INDEX($I$70:$M$72,MATCH($B75,$H$70:$H$72,0),MATCH(E$74,$I$69:$M$69,0)),0) -> 0 | F75: =SUM(C75:E75) -> 0
B76: =B75+1 -> 2030 | C76: =IFERROR(INDEX($I$70:$M$72,MATCH($B76,$H$70:$H$72,0),MATCH(C$74,$I$69:$M$69,0)),0) -> 0 | D76: =IFERROR(INDEX($I$70:$M$72,MATCH($B76,$H$70:$H$72,0),MATCH(D$74,$I$69:$M$69,0)),0) -> 0 | E76: =IFERROR(INDEX($I$70:$M$72,MATCH($B76,$H$70:$H$72,0),MATCH(E$74,$I$69:$M$69,0)),0) -> 0 | F76: =SUM(C76:E76) -> 0
B77: =B76+1 -> 2031 | C77: =IFERROR(INDEX($I$70:$M$72,MATCH($B77,$H$70:$H$72,0),MATCH(C$74,$I$69:$M$69,0)),0) -> 0 | D77: =IFERROR(INDEX($I$70:$M$72,MATCH($B77,$H$70:$H$72,0),MATCH(D$74,$I$69:$M$69,0)),0) -> 0 | E77: =IFERROR(INDEX($I$70:$M$72,MATCH($B77,$H$70:$H$72,0),MATCH(E$74,$I$69:$M$69,0)),0) -> 0 | F77: =SUM(C77:E77) -> 0
B78: =B77+1 -> 2032 | C78: =IFERROR(INDEX($I$70:$M$72,MATCH($B78,$H$70:$H$72,0),MATCH(C$74,$I$69:$M$69,0)),0) -> 0 | D78: =IFERROR(INDEX($I$70:$M$72,MATCH($B78,$H$70:$H$72,0),MATCH(D$74,$I$69:$M$69,0)),0) -> 0 | E78: =IFERROR(INDEX($I$70:$M$72,MATCH($B78,$H$70:$H$72,0),MATCH(E$74,$I$69:$M$69,0)),0) -> 0 | F78: =SUM(C78:E78) -> 0
B79: =B78+1 -> 2033 | C79: =IFERROR(INDEX($I$70:$M$72,MATCH($B79,$H$70:$H$72,0),MATCH(C$74,$I$69:$M$69,0)),0) -> 0 | D79: =IFERROR(INDEX($I$70:$M$72,MATCH($B79,$H$70:$H$72,0),MATCH(D$74,$I$69:$M$69,0)),0) -> 0 | E79: =IFERROR(INDEX($I$70:$M$72,MATCH($B79,$H$70:$H$72,0),MATCH(E$74,$I$69:$M$69,0)),0) -> 0 | F79: =SUM(C79:E79) -> 0
B80: =B79+1 -> 2034 | C80: =IFERROR(INDEX($I$70:$M$72,MATCH($B80,$H$70:$H$72,0),MATCH(C$74,$I$69:$M$69,0)),0) -> 0 | D80: =IFERROR(INDEX($I$70:$M$72,MATCH($B80,$H$70:$H$72,0),MATCH(D$74,$I$69:$M$69,0)),0) -> 0 | E80: =IFERROR(INDEX($I$70:$M$72,MATCH($B80,$H$70:$H$72,0),MATCH(E$74,$I$69:$M$69,0)),0) -> 0 | F80: =SUM(C80:E80) -> 0
B81: =B80+1 -> 2035 | C81: =IFERROR(INDEX($I$70:$M$72,MATCH($B81,$H$70:$H$72,0),MATCH(C$74,$I$69:$M$69,0)),0) -> 0 | D81: =IFERROR(INDEX($I$70:$M$72,MATCH($B81,$H$70:$H$72,0),MATCH(D$74,$I$69:$M$69,0)),0) -> 0 | E81: =IFERROR(INDEX($I$70:$M$72,MATCH($B81,$H$70:$H$72,0),MATCH(E$74,$I$69:$M$69,0)),0) -> 0 | F81: =SUM(C81:E81) -> 0
B82: =B81+1 -> 2036 | C82: =IFERROR(INDEX($I$70:$M$72,MATCH($B82,$H$70:$H$72,0),MATCH(C$74,$I$69:$M$69,0)),0) -> 0 | D82: =IFERROR(INDEX($I$70:$M$72,MATCH($B82,$H$70:$H$72,0),MATCH(D$74,$I$69:$M$69,0)),0) -> 0 | E82: =IFERROR(INDEX($I$70:$M$72,MATCH($B82,$H$70:$H$72,0),MATCH(E$74,$I$69:$M$69,0)),0) -> 0 | F82: =SUM(C82:E82) -> 0
B83: =B82+1 -> 2037 | C83: =IFERROR(INDEX($I$70:$M$72,MATCH($B83,$H$70:$H$72,0),MATCH(C$74,$I$69:$M$69,0)),0) -> 0 | D83: =IFERROR(INDEX($I$70:$M$72,MATCH($B83,$H$70:$H$72,0),MATCH(D$74,$I$69:$M$69,0)),0) -> 0 | E83: =IFERROR(INDEX($I$70:$M$72,MATCH($B83,$H$70:$H$72,0),MATCH(E$74,$I$69:$M$69,0)),0) -> 0 | F83: =SUM(C83:E83) -> 0
B84: =B83+1 -> 2038 | C84: =IFERROR(INDEX($I$70:$M$72,MATCH($B84,$H$70:$H$72,0),MATCH(C$74,$I$69:$M$69,0)),0) -> 0 | D84: =IFERROR(INDEX($I$70:$M$72,MATCH($B84,$H$70:$H$72,0),MATCH(D$74,$I$69:$M$69,0)),0) -> 0 | E84: =IFERROR(INDEX($I$70:$M$72,MATCH($B84,$H$70:$H$72,0),MATCH(E$74,$I$69:$M$69,0)),0) -> 0 | F84: =SUM(C84:E84) -> 0
B85: =B84+1 -> 2039 | C85: =IFERROR(INDEX($I$70:$M$72,MATCH($B85,$H$70:$H$72,0),MATCH(C$74,$I$69:$M$69,0)),0) -> 0 | D85: =IFERROR(INDEX($I$70:$M$72,MATCH($B85,$H$70:$H$72,0),MATCH(D$74,$I$69:$M$69,0)),0) -> 0 | E85: =IFERROR(INDEX($I$70:$M$72,MATCH($B85,$H$70:$H$72,0),MATCH(E$74,$I$69:$M$69,0)),0) -> 0 | F85: =SUM(C85:E85) -> 0
B86: =B85+1 -> 2040 | C86: =IFERROR(INDEX($I$70:$M$72,MATCH($B86,$H$70:$H$72,0),MATCH(C$74,$I$69:$M$69,0)),0) -> 0 | D86: =IFERROR(INDEX($I$70:$M$72,MATCH($B86,$H$70:$H$72,0),MATCH(D$74,$I$69:$M$69,0)),0) -> 0 | E86: =IFERROR(INDEX($I$70:$M$72,MATCH($B86,$H$70:$H$72,0),MATCH(E$74,$I$69:$M$69,0)),0) -> 0 | F86: =SUM(C86:E86) -> 0
B87: =B86+1 -> 2041 | C87: =IFERROR(INDEX($I$70:$M$72,MATCH($B87,$H$70:$H$72,0),MATCH(C$74,$I$69:$M$69,0)),0) -> 112329.45 | D87: =IFERROR(INDEX($I$70:$M$72,MATCH($B87,$H$70:$H$72,0),MATCH(D$74,$I$69:$M$69,0)),0) -> 0 | E87: =IFERROR(INDEX($I$70:$M$72,MATCH($B87,$H$70:$H$72,0),MATCH(E$74,$I$69:$M$69,0)),0) -> 0 | F87: =SUM(C87:E87) -> 112329.45
... B98: =B97+1 -> 2052 | C98: =IFERROR(INDEX($I$70:$M$72,MATCH($B98,$H$70:$H$72,0),MATCH(C$74,$I$69:$M$69,0)),0) -> 0 | D98: =IFERROR(INDEX($I$70:$M$72,MATCH($B98,$H$70:$H$72,0),MATCH(D$74,$I$69:$M$69,0)),0) -> 0 | E98: =IFERROR(INDEX($I$70:$M$72,MATCH($B98,$H$70:$H$72,0),MATCH(E$74,$I$69:$M$69,0)),0) -> 0 | F98: =SUM(C98:E98) -> 0
A100: Total cost schedule
C102: =A4 -> R14 | D102: =A5 -> A18 | E102: =A6 -> S24 | F102: Total
B103: 2029 | C103: =C11+C43+C75 -> 0 | D103: =D11+D43+D75 -> 0 | E103: =E11+E43+E75 -> 0 | F103: =SUM(C103:E103) -> 0
B104: =B103+1 -> 2030 | C104: =C12+C44+C76 -> 0 | D104: =D12+D44+D76 -> 0 | E104: =E12+E44+E76 -> 0 | F104: =SUM(C104:E104) -> 0
B105: =B104+1 -> 2031 | C105: =C13+C45+C77 -> 0 | D105: =D13+D45+D77 -> 0 | E105: =E13+E45+E77 -> 0 | F105: =SUM(C105:E105) -> 0
B106: =B105+1 -> 2032 | C106: =C14+C46+C78 -> 0 | D106: =D14+D46+D78 -> 0 | E106: =E14+E46+E78 -> 0 | F106: =SUM(C106:E106) -> 0
B107: =B106+1 -> 2033 | C107: =C15+C47+C79 -> 63338.504 | D107: =D15+D47+D79 -> 0 | E107: =E15+E47+E79 -> 0 | F107: =SUM(C107:E107) -> 63338.504
B108: =B107+1 -> 2034 | C108: =C16+C48+C80 -> 65238.659 | D108: =D16+D48+D80 -> 0 | E108: =E16+E48+E80 -> 0 | F108: =SUM(C108:E108) -> 65238.659
B109: =B108+1 -> 2035 | C109: =C17+C49+C81 -> 67195.819 | D109: =D17+D49+D81 -> 0 | E109: =E17+E49+E81 -> 0 | F109: =SUM(C109:E109) -> 67195.819
B110: =B109+1 -> 2036 | C110: =C18+C50+C82 -> 69211.694 | D110: =D18+D50+D82 -> 0 | E110: =E18+E50+E82 -> 0 | F110: =SUM(C110:E110) -> 69211.694
B111: =B110+1 -> 2037 | C111: =C19+C51+C83 -> 0 | D111: =D19+D51+D83 -> 71288.044 | E111: =E19+E51+E83 -> 0 | F111: =SUM(C111:E111) -> 71288.044
B112: =B111+1 -> 2038 | C112: =C20+C52+C84 -> 0 | D112: =D20+D52+D84 -> 73426.686 | E112: =E20+E52+E84 -> 0 | F112: =SUM(C112:E112) -> 73426.686
B113: =B112+1 -> 2039 | C113: =C21+C53+C85 -> 593979.48 | D113: =D21+D53+D85 -> 75629.486 | E113: =E21+E53+E85 -> 0 | F113: =SUM(C113:E113) -> 669608.97
B114: =B113+1 -> 2040 | C114: =C22+C54+C86 -> 0 | D114: =D22+D54+D86 -> 77898.371 | E114: =E22+E54+E86 -> 0 | F114: =SUM(C114:E114) -> 77898.371
B115: =B114+1 -> 2041 | C115: =C23+C55+C87 -> 112329.45 | D115: =D23+D55+D87 -> 0 | E115: =E23+E55+E87 -> 0 | F115: =SUM(C115:E115) -> 112329.45
... B126: =B125+1 -> 2052 | C126: =C34+C66+C98 -> 0 | D126: =D34+D66+D98 -> 0 | E126: =E34+E66+E98 -> 0 | F126: =SUM(C126:E126) -> 0

Sheet Children Ashirali
A2: Education cost schedule
A4: B15 | B4: 2015 | C4: Bilal | D4: Bachelor start age | E4: 19 | I4: Bachelor start Year | J4: 2025 | K4: B15 | M4: S18 | O4: E20 | Q4: I24 | S4: M24 | U4: Ожидаемая инфляция | V4: 0.03
A5: S18 | B5: 2018 | C5: Safiya | E5: 19 | J5: =VLOOKUP(K4,$A$4:$B$8,2,0)+VLOOKUP(K4,$A$4:$E$8,5,0) -> 2034 | K5: =$V$6*(1+$V$4)^(J5-$J$4) -> 65238.659 | L5: =VLOOKUP(M4,$A$4:$B$8,2,0)+VLOOKUP(M4,$A$4:$E$8,5,0) -> 2037 | M5: =$V$6*(1+$V$4)^(L5-$J$4) -> 71288.044 | N5: =VLOOKUP(O4,$A$4:$B$8,2,0)+VLOOKUP(O4,$A$4:$E$8,5,0) -> 2039 | O5: =$V$6*(1+$V$4)^(N5-$J$4) -> 75629.486 | P5: =VLOOKUP(Q4,$A$4:$B$8,2,0)+VLOOKUP(Q4,$A$4:$E$8,5,0) -> 2043 | Q5: =$V$6*(1+$V$4)^(P5-$J$4) -> 85121.653 | R5: =VLOOKUP(S4,$A$4:$B$8,2,0)+VLOOKUP(S4,$A$4:$E$8,5,0) -> 2043 | S5: =$V$6*(1+$V$4)^(R5-$J$4) -> 85121.653 | U5: Ожидаемый прирост цены на недвижимость | V5: 0.05
A6: E20 | B6: 2020 | C6: Emin | E6: 19 | J6: =J5+1 -> 2035 | K6: =$V$6*(1+$V$4)^(J6-$J$4) -> 67195.819 | L6: =L5+1 -> 2038 | M6: =$V$6*(1+$V$4)^(L6-$J$4) -> 73426.686 | N6: =N5+1 -> 2040 | O6: =$V$6*(1+$V$4)^(N6-$J$4) -> 77898.371 | P6: =P5+1 -> 2044 | Q6: =$V$6*(1+$V$4)^(P6-$J$4) -> 87675.303 | R6: =R5+1 -> 2044 | S6: =$V$6*(1+$V$4)^(R6-$J$4) -> 87675.303 | U6: Ежегодные расходы на бакалавриат на 1 ребенка | V6: 50000
A7: I24 | B7: 2024 | C7: Isa | E7: 19 | J7: =J6+1 -> 2036 | K7: =$V$6*(1+$V$4)^(J7-$J$4) -> 69211.694 | L7: =L6+1 -> 2039 | M7: =$V$6*(1+$V$4)^(L7-$J$4) -> 75629.486 | N7: =N6+1 -> 2041 | O7: =$V$6*(1+$V$4)^(N7-$J$4) -> 80235.322 | P7: =P6+1 -> 2045 | Q7: =$V$6*(1+$V$4)^(P7-$J$4) -> 90305.562 | R7: =R6+1 -> 2045 | S7: =$V$6*(1+$V$4)^(R7-$J$4) -> 90305.562 | U7: Единовременный расход на квартиру на 1 ребенка | V7: 300000
A8: M24 | B8: 2024 | C8: Musa | E8: 19 | J8: =J7+1 -> 2037 | K8: =$V$6*(1+$V$4)^(J8-$J$4) -> 71288.044 | L8: =L7+1 -> 2040 | M8: =$V$6*(1+$V$4)^(L8-$J$4) -> 77898.371 | N8: =N7+1 -> 2042 | O8: =$V$6*(1+$V$4)^(N8-$J$4) -> 82642.382 | P8: =P7+1 -> 2046 | Q8: =$V$6*(1+$V$4)^(P8-$J$4) -> 93014.729 | R8: =R7+1 -> 2046 | S8: =$V$6*(1+$V$4)^(R8-$J$4) -> 93014.729 | U8: Единовременный расход на автомобиль на 1 ребенка | V8: 70000
C10: B15 | D10: S18 | E10: E20 | F10: I24 | G10: M24 | H10: Total
B11: 2029 | C11: =IFERROR(INDEX($K$5:$S$8,MATCH($B11,$J$5:$J$8,0),MATCH(C$10,$K$4:$S$4,0)),0) -> 0 | D11: =IFERROR(INDEX($K$5:$S$8,MATCH($B11,$L$5:$L$8,0),MATCH(D$10,$K$4:$S$4,0)),0) -> 0 | E11: =IFERROR(INDEX($K$5:$S$8,MATCH($B11,$N$5:$N$8,0),MATCH(E$10,$K$4:$S$4,0)),0) -> 0 | F11: =IFERROR(INDEX($K$5:$S$8,MATCH($B11,$P$5:$P$8,0),MATCH(F$10,$K$4:$S$4,0)),0) -> 0 | G11: =IFERROR(INDEX($K$5:$S$8,MATCH($B11,$R$5:$R$8,0),MATCH(G$10,$K$4:$S$4,0)),0) -> 0 | H11: =SUM(C11:G11) -> 0
B12: =B11+1 -> 2030 | C12: =IFERROR(INDEX($K$5:$S$8,MATCH(B12,$J$5:$J$8,0),MATCH(C$10,$K$4:$S$4,0)),0) -> 0 | D12: =IFERROR(INDEX($K$5:$S$8,MATCH($B12,$L$5:$L$8,0),MATCH(D$10,$K$4:$S$4,0)),0) -> 0 | E12: =IFERROR(INDEX($K$5:$S$8,MATCH($B12,$N$5:$N$8,0),MATCH(E$10,$K$4:$S$4,0)),0) -> 0 | F12: =IFERROR(INDEX($K$5:$S$8,MATCH($B12,$P$5:$P$8,0),MATCH(F$10,$K$4:$S$4,0)),0) -> 0 | G12: =IFERROR(INDEX($K$5:$S$8,MATCH($B12,$R$5:$R$8,0),MATCH(G$10,$K$4:$S$4,0)),0) -> 0 | H12: =SUM(C12:G12) -> 0
B13: =B12+1 -> 2031 | C13: =IFERROR(INDEX($K$5:$S$8,MATCH(B13,$J$5:$J$8,0),MATCH(C$10,$K$4:$S$4,0)),0) -> 0 | D13: =IFERROR(INDEX($K$5:$S$8,MATCH($B13,$L$5:$L$8,0),MATCH(D$10,$K$4:$S$4,0)),0) -> 0 | E13: =IFERROR(INDEX($K$5:$S$8,MATCH($B13,$N$5:$N$8,0),MATCH(E$10,$K$4:$S$4,0)),0) -> 0 | F13: =IFERROR(INDEX($K$5:$S$8,MATCH($B13,$P$5:$P$8,0),MATCH(F$10,$K$4:$S$4,0)),0) -> 0 | G13: =IFERROR(INDEX($K$5:$S$8,MATCH($B13,$R$5:$R$8,0),MATCH(G$10,$K$4:$S$4,0)),0) -> 0 | H13: =SUM(C13:G13) -> 0
B14: =B13+1 -> 2032 | C14: =IFERROR(INDEX($K$5:$S$8,MATCH(B14,$J$5:$J$8,0),MATCH(C$10,$K$4:$S$4,0)),0) -> 0 | D14: =IFERROR(INDEX($K$5:$S$8,MATCH($B14,$L$5:$L$8,0),MATCH(D$10,$K$4:$S$4,0)),0) -> 0 | E14: =IFERROR(INDEX($K$5:$S$8,MATCH($B14,$N$5:$N$8,0),MATCH(E$10,$K$4:$S$4,0)),0) -> 0 | F14: =IFERROR(INDEX($K$5:$S$8,MATCH($B14,$P$5:$P$8,0),MATCH(F$10,$K$4:$S$4,0)),0) -> 0 | G14: =IFERROR(INDEX($K$5:$S$8,MATCH($B14,$R$5:$R$8,0),MATCH(G$10,$K$4:$S$4,0)),0) -> 0 | H14: =SUM(C14:G14) -> 0
B15: =B14+1 -> 2033 | C15: =IFERROR(INDEX($K$5:$S$8,MATCH(B15,$J$5:$J$8,0),MATCH(C$10,$K$4:$S$4,0)),0) -> 0 | D15: =IFERROR(INDEX($K$5:$S$8,MATCH($B15,$L$5:$L$8,0),MATCH(D$10,$K$4:$S$4,0)),0) -> 0 | E15: =IFERROR(INDEX($K$5:$S$8,MATCH($B15,$N$5:$N$8,0),MATCH(E$10,$K$4:$S$4,0)),0) -> 0 | F15: =IFERROR(INDEX($K$5:$S$8,MATCH($B15,$P$5:$P$8,0),MATCH(F$10,$K$4:$S$4,0)),0) -> 0 | G15: =IFERROR(INDEX($K$5:$S$8,MATCH($B15,$R$5:$R$8,0),MATCH(G$10,$K$4:$S$4,0)),0) -> 0 | H15: =SUM(C15:G15) -> 0
B16: =B15+1 -> 2034 | C16: =IFERROR(INDEX($K$5:$S$8,MATCH(B16,$J$5:$J$8,0),MATCH(C$10,$K$4:$S$4,0)),0) -> 65238.659 | D16: =IFERROR(INDEX($K$5:$S$8,MATCH($B16,$L$5:$L$8,0),MATCH(D$10,$K$4:$S$4,0)),0) -> 0 | E16: =IFERROR(INDEX($K$5:$S$8,MATCH($B16,$N$5:$N$8,0),MATCH(E$10,$K$4:$S$4,0)),0) -> 0 | F16: =IFERROR(INDEX($K$5:$S$8,MATCH($B16,$P$5:$P$8,0),MATCH(F$10,$K$4:$S$4,0)),0) -> 0 | G16: =IFERROR(INDEX($K$5:$S$8,MATCH($B16,$R$5:$R$8,0),MATCH(G$10,$K$4:$S$4,0)),0) -> 0 | H16: =SUM(C16:G16) -> 65238.659
B17: =B16+1 -> 2035 | C17: =IFERROR(INDEX($K$5:$S$8,MATCH(B17,$J$5:$J$8,0),MATCH(C$10,$K$4:$S$4,0)),0) -> 67195.819 | D17: =IFERROR(INDEX($K$5:$S$8,MATCH($B17,$L$5:$L$8,0),MATCH(D$10,$K$4:$S$4,0)),0) -> 0 | E17: =IFERROR(INDEX($K$5:$S$8,MATCH($B17,$N$5:$N$8,0),MATCH(E$10,$K$4:$S$4,0)),0) -> 0 | F17: =IFERROR(INDEX($K$5:$S$8,MATCH($B17,$P$5:$P$8,0),MATCH(F$10,$K$4:$S$4,0)),0) -> 0 | G17: =IFERROR(INDEX($K$5:$S$8,MATCH($B17,$R$5:$R$8,0),MATCH(G$10,$K$4:$S$4,0)),0) -> 0 | H17: =SUM(C17:G17) -> 67195.819
B18: =B17+1 -> 2036 | C18: =IFERROR(INDEX($K$5:$S$8,MATCH(B18,$J$5:$J$8,0),MATCH(C$10,$K$4:$S$4,0)),0) -> 69211.694 | D18: =IFERROR(INDEX($K$5:$S$8,MATCH($B18,$L$5:$L$8,0),MATCH(D$10,$K$4:$S$4,0)),0) -> 0 | E18: =IFERROR(INDEX($K$5:$S$8,MATCH($B18,$N$5:$N$8,0),MATCH(E$10,$K$4:$S$4,0)),0) -> 0 | F18: =IFERROR(INDEX($K$5:$S$8,MATCH($B18,$P$5:$P$8,0),MATCH(F$10,$K$4:$S$4,0)),0) -> 0 | G18: =IFERROR(INDEX($K$5:$S$8,MATCH($B18,$R$5:$R$8,0),MATCH(G$10,$K$4:$S$4,0)),0) -> 0 | H18: =SUM(C18:G18) -> 69211.694
B19: =B18+1 -> 2037 | C19: =IFERROR(INDEX($K$5:$S$8,MATCH(B19,$J$5:$J$8,0),MATCH(C$10,$K$4:$S$4,0)),0) -> 71288.044 | D19: =IFERROR(INDEX($K$5:$S$8,MATCH($B19,$L$5:$L$8,0),MATCH(D$10,$K$4:$S$4,0)),0) -> 71288.044 | E19: =IFERROR(INDEX($K$5:$S$8,MATCH($B19,$N$5:$N$8,0),MATCH(E$10,$K$4:$S$4,0)),0) -> 0 | F19: =IFERROR(INDEX($K$5:$S$8,MATCH($B19,$P$5:$P$8,0),MATCH(F$10,$K$4:$S$4,0)),0) -> 0 | G19: =IFERROR(INDEX($K$5:$S$8,MATCH($B19,$R$5:$R$8,0),MATCH(G$10,$K$4:$S$4,0)),0) -> 0 | H19: =SUM(C19:G19) -> 142576.09
B20: =B19+1 -> 2038 | C20: =IFERROR(INDEX($K$5:$S$8,MATCH(B20,$J$5:$J$8,0),MATCH(C$10,$K$4:$S$4,0)),0) -> 0 | D20: =IFERROR(INDEX($K$5:$S$8,MATCH($B20,$L$5:$L$8,0),MATCH(D$10,$K$4:$S$4,0)),0) -> 73426.686 | E20: =IFERROR(INDEX($K$5:$S$8,MATCH($B20,$N$5:$N$8,0),MATCH(E$10,$K$4:$S$4,0)),0) -> 0 | F20: =IFERROR(INDEX($K$5:$S$8,MATCH($B20,$P$5:$P$8,0),MATCH(F$10,$K$4:$S$4,0)),0) -> 0 | G20: =IFERROR(INDEX($K$5:$S$8,MATCH($B20,$R$5:$R$8,0),MATCH(G$10,$K$4:$S$4,0)),0) -> 0 | H20: =SUM(C20:G20) -> 73426.686
B21: =B20+1 -> 2039 | C21: =IFERROR(INDEX($K$5:$S$8,MATCH(B21,$J$5:$J$8,0),MATCH(C$10,$K$4:$S$4,0)),0) -> 0 | D21: =IFERROR(INDEX($K$5:$S$8,MATCH($B21,$L$5:$L$8,0),MATCH(D$10,$K$4:$S$4,0)),0) -> 75629.486 | E21: =IFERROR(INDEX($K$5:$S$8,MATCH($B21,$N$5:$N$8,0),MATCH(E$10,$K$4:$S$4,0)),0) -> 75629.486 | F21: =IFERROR(INDEX($K$5:$S$8,MATCH($B21,$P$5:$P$8,0),MATCH(F$10,$K$4:$S$4,0)),0) -> 0 | G21: =IFERROR(INDEX($K$5:$S$8,MATCH($B21,$R$5:$R$8,0),MATCH(G$10,$K$4:$S$4,0)),0) -> 0 | H21: =SUM(C21:G21) -> 151258.97
B22: =B21+1 -> 2040 | C22: =IFERROR(INDEX($K$5:$S$8,MATCH(B22,$J$5:$J$8,0),MATCH(C$10,$K$4:$S$4,0)),0) -> 0 | D22: =IFERROR(INDEX($K$5:$S$8,MATCH($B22,$L$5:$L$8,0),MATCH(D$10,$K$4:$S$4,0)),0) -> 77898.371 | E22: =IFERROR(INDEX($K$5:$S$8,MATCH($B22,$N$5:$N$8,0),MATCH(E$10,$K$4:$S$4,0)),0) -> 77898.371 | F22: =IFERROR(INDEX($K$5:$S$8,MATCH($B22,$P$5:$P$8,0),MATCH(F$10,$K$4:$S$4,0)),0) -> 0 | G22: =IFERROR(INDEX($K$5:$S$8,MATCH($B22,$R$5:$R$8,0),MATCH(G$10,$K$4:$S$4,0)),0) -> 0 | H22: =SUM(C22:G22) -> 155796.74
B23: =B22+1 -> 2041 | C23: =IFERROR(INDEX($K$5:$S$8,MATCH(B23,$J$5:$J$8,0),MATCH(C$10,$K$4:$S$4,0)),0) -> 0 | D23: =IFERROR(INDEX($K$5:$S$8,MATCH($B23,$L$5:$L$8,0),MATCH(D$10,$K$4:$S$4,0)),0) -> 0 | E23: =IFERROR(INDEX($K$5:$S$8,MATCH($B23,$N$5:$N$8,0),MATCH(E$10,$K$4:$S$4,0)),0) -> 80235.322 | F23: =IFERROR(INDEX($K$5:$S$8,MATCH($B23,$P$5:$P$8,0),MATCH(F$10,$K$4:$S$4,0)),0) -> 0 | G23: =IFERROR(INDEX($K$5:$S$8,MATCH($B23,$R$5:$R$8,0),MATCH(G$10,$K$4:$S$4,0)),0) -> 0 | H23: =SUM(C23:G23) -> 80235.322
... B34: =B33+1 -> 2052 | C34: =IFERROR(INDEX($K$5:$S$8,MATCH(B34,$J$5:$J$8,0),MATCH(C$10,$K$4:$S$4,0)),0) -> 0 | D34: =IFERROR(INDEX($K$5:$S$8,MATCH($B34,$L$5:$L$8,0),MATCH(D$10,$K$4:$S$4,0)),0) -> 0 | E34: =IFERROR(INDEX($K$5:$S$8,MATCH($B34,$N$5:$N$8,0),MATCH(E$10,$K$4:$S$4,0)),0) -> 0 | F34: =IFERROR(INDEX($K$5:$S$8,MATCH($B34,$P$5:$P$8,0),MATCH(F$10,$K$4:$S$4,0)),0) -> 0 | G34: =IFERROR(INDEX($K$5:$S$8,MATCH($B34,$R$5:$R$8,0),MATCH(G$10,$K$4:$S$4,0)),0) -> 0 | H34: =SUM(C34:G34) -> 0
A36: Property cost schedule
K37: B15 | L37: S18 | M37: E20 | N37: I24 | O37: M24
A38: B15 | B38: 2015 | C38: Bilal | D38: Property purchase age | E38: 25 | I38: Property purchase year | J38: =B38+E38 -> 2040 | K38: =$V$7*(1+$V$5)^($J38-$J$4) -> 623678.45 | L38: 0 | M38: 0 | N38: 0 | O38: 0
A39: S18 | B39: 2018 | C39: Safiya | E39: 25 | J39: =B39+E39 -> 2043 | K39: 0 | L39: =$V$7*(1+$V$5)^($J39-$J$4) -> 721985.77 | M39: 0 | N39: 0 | O39: 0
A40: E20 | B40: 2020 | C40: Emin | E40: 25 | J40: =B40+E40 -> 2045 | K40: 0 | L40: 0 | M40: =$V$7*(1+$V$5)^($J40-$J$4) -> 795989.31 | N40: 0 | O40: 0
A41: I24 | B41: 2024 | C41: Isa | E41: 25 | J41: =B41+E41 -> 2049 | K41: 0 | L41: 0 | M41: 0 | N41: =$V$7*(1+$V$5)^($J41-$J$4) -> 967529.98 | O41: 0
A42: M24 | B42: 2024 | C42: Musa | E42: 26 | J42: =B42+E42 -> 2050 | K42: 0 | L42: 0 | M42: 0 | N42: 0 | O42: =$V$7*(1+$V$5)^($J42-$J$4) -> 1015906.5
C44: B15 | D44: S18 | E44: E20 | F44: I24 | G44: M24 | H44: Total
B45: 2029 | C45: =IFERROR(INDEX($K$38:$O$42,MATCH($B45,$J$38:$J$42,0),MATCH(C$44,$K$37:$O$37,0)),0) -> 0 | D45: =IFERROR(INDEX($K$38:$O$42,MATCH($B45,$J$38:$J$42,0),MATCH(D$44,$K$37:$O$37,0)),0) -> 0 | E45: =IFERROR(INDEX($K$38:$O$42,MATCH($B45,$J$38:$J$42,0),MATCH(E$44,$K$37:$O$37,0)),0) -> 0 | F45: =IFERROR(INDEX($K$38:$O$42,MATCH($B45,$J$38:$J$42,0),MATCH(F$44,$K$37:$O$37,0)),0) -> 0 | G45: =IFERROR(INDEX($K$38:$O$42,MATCH($B45,$J$38:$J$42,0),MATCH(G$44,$K$37:$O$37,0)),0) -> 0 | H45: =SUM(C45:G45) -> 0
B46: =B45+1 -> 2030 | C46: =IFERROR(INDEX($K$38:$O$42,MATCH($B46,$J$38:$J$42,0),MATCH(C$44,$K$37:$O$37,0)),0) -> 0 | D46: =IFERROR(INDEX($K$38:$O$42,MATCH($B46,$J$38:$J$42,0),MATCH(D$44,$K$37:$O$37,0)),0) -> 0 | E46: =IFERROR(INDEX($K$38:$O$42,MATCH($B46,$J$38:$J$42,0),MATCH(E$44,$K$37:$O$37,0)),0) -> 0 | F46: =IFERROR(INDEX($K$38:$O$42,MATCH($B46,$J$38:$J$42,0),MATCH(F$44,$K$37:$O$37,0)),0) -> 0 | G46: =IFERROR(INDEX($K$38:$O$42,MATCH($B46,$J$38:$J$42,0),MATCH(G$44,$K$37:$O$37,0)),0) -> 0 | H46: =SUM(C46:G46) -> 0
B47: =B46+1 -> 2031 | C47: =IFERROR(INDEX($K$38:$O$42,MATCH($B47,$J$38:$J$42,0),MATCH(C$44,$K$37:$O$37,0)),0) -> 0 | D47: =IFERROR(INDEX($K$38:$O$42,MATCH($B47,$J$38:$J$42,0),MATCH(D$44,$K$37:$O$37,0)),0) -> 0 | E47: =IFERROR(INDEX($K$38:$O$42,MATCH($B47,$J$38:$J$42,0),MATCH(E$44,$K$37:$O$37,0)),0) -> 0 | F47: =IFERROR(INDEX($K$38:$O$42,MATCH($B47,$J$38:$J$42,0),MATCH(F$44,$K$37:$O$37,0)),0) -> 0 | G47: =IFERROR(INDEX($K$38:$O$42,MATCH($B47,$J$38:$J$42,0),MATCH(G$44,$K$37:$O$37,0)),0) -> 0 | H47: =SUM(C47:G47) -> 0
B48: =B47+1 -> 2032 | C48: =IFERROR(INDEX($K$38:$O$42,MATCH($B48,$J$38:$J$42,0),MATCH(C$44,$K$37:$O$37,0)),0) -> 0 | D48: =IFERROR(INDEX($K$38:$O$42,MATCH($B48,$J$38:$J$42,0),MATCH(D$44,$K$37:$O$37,0)),0) -> 0 | E48: =IFERROR(INDEX($K$38:$O$42,MATCH($B48,$J$38:$J$42,0),MATCH(E$44,$K$37:$O$37,0)),0) -> 0 | F48: =IFERROR(INDEX($K$38:$O$42,MATCH($B48,$J$38:$J$42,0),MATCH(F$44,$K$37:$O$37,0)),0) -> 0 | G48: =IFERROR(INDEX($K$38:$O$42,MATCH($B48,$J$38:$J$42,0),MATCH(G$44,$K$37:$O$37,0)),0) -> 0 | H48: =SUM(C48:G48) -> 0
B49: =B48+1 -> 2033 | C49: =IFERROR(INDEX($K$38:$O$42,MATCH($B49,$J$38:$J$42,0),MATCH(C$44,$K$37:$O$37,0)),0) -> 0 | D49: =IFERROR(INDEX($K$38:$O$42,MATCH($B49,$J$38:$J$42,0),MATCH(D$44,$K$37:$O$37,0)),0) -> 0 | E49: =IFERROR(INDEX($K$38:$O$42,MATCH($B49,$J$38:$J$42,0),MATCH(E$44,$K$37:$O$37,0)),0) -> 0 | F49: =IFERROR(INDEX($K$38:$O$42,MATCH($B49,$J$38:$J$42,0),MATCH(F$44,$K$37:$O$37,0)),0) -> 0 | G49: =IFERROR(INDEX($K$38:$O$42,MATCH($B49,$J$38:$J$42,0),MATCH(G$44,$K$37:$O$37,0)),0) -> 0 | H49: =SUM(C49:G49) -> 0
B50: =B49+1 -> 2034 | C50: =IFERROR(INDEX($K$38:$O$42,MATCH($B50,$J$38:$J$42,0),MATCH(C$44,$K$37:$O$37,0)),0) -> 0 | D50: =IFERROR(INDEX($K$38:$O$42,MATCH($B50,$J$38:$J$42,0),MATCH(D$44,$K$37:$O$37,0)),0) -> 0 | E50: =IFERROR(INDEX($K$38:$O$42,MATCH($B50,$J$38:$J$42,0),MATCH(E$44,$K$37:$O$37,0)),0) -> 0 | F50: =IFERROR(INDEX($K$38:$O$42,MATCH($B50,$J$38:$J$42,0),MATCH(F$44,$K$37:$O$37,0)),0) -> 0 | G50: =IFERROR(INDEX($K$38:$O$42,MATCH($B50,$J$38:$J$42,0),MATCH(G$44,$K$37:$O$37,0)),0) -> 0 | H50: =SUM(C50:G50) -> 0
B51: =B50+1 -> 2035 | C51: =IFERROR(INDEX($K$38:$O$42,MATCH($B51,$J$38:$J$42,0),MATCH(C$44,$K$37:$O$37,0)),0) -> 0 | D51: =IFERROR(INDEX($K$38:$O$42,MATCH($B51,$J$38:$J$42,0),MATCH(D$44,$K$37:$O$37,0)),0) -> 0 | E51: =IFERROR(INDEX($K$38:$O$42,MATCH($B51,$J$38:$J$42,0),MATCH(E$44,$K$37:$O$37,0)),0) -> 0 | F51: =IFERROR(INDEX($K$38:$O$42,MATCH($B51,$J$38:$J$42,0),MATCH(F$44,$K$37:$O$37,0)),0) -> 0 | G51: =IFERROR(INDEX($K$38:$O$42,MATCH($B51,$J$38:$J$42,0),MATCH(G$44,$K$37:$O$37,0)),0) -> 0 | H51: =SUM(C51:G51) -> 0
B52: =B51+1 -> 2036 | C52: =IFERROR(INDEX($K$38:$O$42,MATCH($B52,$J$38:$J$42,0),MATCH(C$44,$K$37:$O$37,0)),0) -> 0 | D52: =IFERROR(INDEX($K$38:$O$42,MATCH($B52,$J$38:$J$42,0),MATCH(D$44,$K$37:$O$37,0)),0) -> 0 | E52: =IFERROR(INDEX($K$38:$O$42,MATCH($B52,$J$38:$J$42,0),MATCH(E$44,$K$37:$O$37,0)),0) -> 0 | F52: =IFERROR(INDEX($K$38:$O$42,MATCH($B52,$J$38:$J$42,0),MATCH(F$44,$K$37:$O$37,0)),0) -> 0 | G52: =IFERROR(INDEX($K$38:$O$42,MATCH($B52,$J$38:$J$42,0),MATCH(G$44,$K$37:$O$37,0)),0) -> 0 | H52: =SUM(C52:G52) -> 0
B53: =B52+1 -> 2037 | C53: =IFERROR(INDEX($K$38:$O$42,MATCH($B53,$J$38:$J$42,0),MATCH(C$44,$K$37:$O$37,0)),0) -> 0 | D53: =IFERROR(INDEX($K$38:$O$42,MATCH($B53,$J$38:$J$42,0),MATCH(D$44,$K$37:$O$37,0)),0) -> 0 | E53: =IFERROR(INDEX($K$38:$O$42,MATCH($B53,$J$38:$J$42,0),MATCH(E$44,$K$37:$O$37,0)),0) -> 0 | F53: =IFERROR(INDEX($K$38:$O$42,MATCH($B53,$J$38:$J$42,0),MATCH(F$44,$K$37:$O$37,0)),0) -> 0 | G53: =IFERROR(INDEX($K$38:$O$42,MATCH($B53,$J$38:$J$42,0),MATCH(G$44,$K$37:$O$37,0)),0) -> 0 | H53: =SUM(C53:G53) -> 0
B54: =B53+1 -> 2038 | C54: =IFERROR(INDEX($K$38:$O$42,MATCH($B54,$J$38:$J$42,0),MATCH(C$44,$K$37:$O$37,0)),0) -> 0 | D54: =IFERROR(INDEX($K$38:$O$42,MATCH($B54,$J$38:$J$42,0),MATCH(D$44,$K$37:$O$37,0)),0) -> 0 | E54: =IFERROR(INDEX($K$38:$O$42,MATCH($B54,$J$38:$J$42,0),MATCH(E$44,$K$37:$O$37,0)),0) -> 0 | F54: =IFERROR(INDEX($K$38:$O$42,MATCH($B54,$J$38:$J$42,0),MATCH(F$44,$K$37:$O$37,0)),0) -> 0 | G54: =IFERROR(INDEX($K$38:$O$42,MATCH($B54,$J$38:$J$42,0),MATCH(G$44,$K$37:$O$37,0)),0) -> 0 | H54: =SUM(C54:G54) -> 0
B55: =B54+1 -> 2039 | C55: =IFERROR(INDEX($K$38:$O$42,MATCH($B55,$J$38:$J$42,0),MATCH(C$44,$K$37:$O$37,0)),0) -> 0 | D55: =IFERROR(INDEX($K$38:$O$42,MATCH($B55,$J$38:$J$42,0),MATCH(D$44,$K$37:$O$37,0)),0) -> 0 | E55: =IFERROR(INDEX($K$38:$O$42,MATCH($B55,$J$38:$J$42,0),MATCH(E$44,$K$37:$O$37,0)),0) -> 0 | F55: =IFERROR(INDEX($K$38:$O$42,MATCH($B55,$J$38:$J$42,0),MATCH(F$44,$K$37:$O$37,0)),0) -> 0 | G55: =IFERROR(INDEX($K$38:$O$42,MATCH($B55,$J$38:$J$42,0),MATCH(G$44,$K$37:$O$37,0)),0) -> 0 | H55: =SUM(C55:G55) -> 0
B56: =B55+1 -> 2040 | C56: =IFERROR(INDEX($K$38:$O$42,MATCH($B56,$J$38:$J$42,0),MATCH(C$44,$K$37:$O$37,0)),0) -> 623678.45 | D56: =IFERROR(INDEX($K$38:$O$42,MATCH($B56,$J$38:$J$42,0),MATCH(D$44,$K$37:$O$37,0)),0) -> 0 | E56: =IFERROR(INDEX($K$38:$O$42,MATCH($B56,$J$38:$J$42,0),MATCH(E$44,$K$37:$O$37,0)),0) -> 0 | F56: =IFERROR(INDEX($K$38:$O$42,MATCH($B56,$J$38:$J$42,0),MATCH(F$44,$K$37:$O$37,0)),0) -> 0 | G56: =IFERROR(INDEX($K$38:$O$42,MATCH($B56,$J$38:$J$42,0),MATCH(G$44,$K$37:$O$37,0)),0) -> 0 | H56: =SUM(C56:G56) -> 623678.45
B57: =B56+1 -> 2041 | C57: =IFERROR(INDEX($K$38:$O$42,MATCH($B57,$J$38:$J$42,0),MATCH(C$44,$K$37:$O$37,0)),0) -> 0 | D57: =IFERROR(INDEX($K$38:$O$42,MATCH($B57,$J$38:$J$42,0),MATCH(D$44,$K$37:$O$37,0)),0) -> 0 | E57: =IFERROR(INDEX($K$38:$O$42,MATCH($B57,$J$38:$J$42,0),MATCH(E$44,$K$37:$O$37,0)),0) -> 0 | F57: =IFERROR(INDEX($K$38:$O$42,MATCH($B57,$J$38:$J$42,0),MATCH(F$44,$K$37:$O$37,0)),0) -> 0 | G57: =IFERROR(INDEX($K$38:$O$42,MATCH($B57,$J$38:$J$42,0),MATCH(G$44,$K$37:$O$37,0)),0) -> 0 | H57: =SUM(C57:G57) -> 0
... B68: =B67+1 -> 2052 | C68: =IFERROR(INDEX($K$38:$O$42,MATCH($B68,$J$38:$J$42,0),MATCH(C$44,$K$37:$O$37,0)),0) -> 0 | D68: =IFERROR(INDEX($K$38:$O$42,MATCH($B68,$J$38:$J$42,0),MATCH(D$44,$K$37:$O$37,0)),0) -> 0 | E68: =IFERROR(INDEX($K$38:$O$42,MATCH($B68,$J$38:$J$42,0),MATCH(E$44,$K$37:$O$37,0)),0) -> 0 | F68: =IFERROR(INDEX($K$38:$O$42,MATCH($B68,$J$38:$J$42,0),MATCH(F$44,$K$37:$O$37,0)),0) -> 0 | G68: =IFERROR(INDEX($K$38:$O$42,MATCH($B68,$J$38:$J$42,0),MATCH(G$44,$K$37:$O$37,0)),0) -> 0 | H68: =SUM(C68:G68) -> 0
A70: Vehicle cost schedule
K71: B15 | L71: S18 | M71: E20 | N71: I24 | O71: M24
A72: B15 | B72: 2015 | C72: Bilal | D72: Property purchase age | E72: 27 | I72: Property purchase year | J72: =B72+E72 -> 2042 | K72: =$V$8*(1+$V$4)^($J72-$J$4) -> 115699.33 | L72: 0 | M72: 0 | N72: 0 | O72: 0
A73: S18 | B73: 2018 | C73: Safiya | E73: 27 | J73: =B73+E73 -> 2045 | K73: 0 | L73: =$V$8*(1+$V$4)^($J73-$J$4) -> 126427.79 | M73: 0 | N73: 0 | O73: 0
A74: E20 | B74: 2020 | C74: Emin | E74: 27 | J74: =B74+E74 -> 2047 | K74: 0 | L74: 0 | M74: =$V$8*(1+$V$4)^($J74-$J$4) -> 134127.24 | N74: 0 | O74: 0
A75: I24 | B75: 2024 | C75: Isa | E75: 28 | J75: =B75+E75 -> 2052 | K75: 0 | L75: 0 | M75: 0 | N75: =$V$8*(1+$V$4)^($J75-$J$4) -> 155490.23 | O75: 0
A76: M24 | B76: 2024 | C76: Musa | E76: 26 | J76: =B76+E76 -> 2050 | K76: 0 | L76: 0 | M76: 0 | N76: 0 | O76: =$V$8*(1+$V$4)^($J76-$J$4) -> 146564.46
C78: B15 | D78: S18 | E78: E20 | F78: I24 | G78: M24 | H78: Total
B79: 2029 | C79: =IFERROR(INDEX($K$72:$O$76,MATCH($B79,$J$72:$J$76,0),MATCH(C$78,$K$71:$O$71,0)),0) -> 0 | D79: =IFERROR(INDEX($K$72:$O$76,MATCH($B79,$J$72:$J$76,0),MATCH(D$78,$K$71:$O$71,0)),0) -> 0 | E79: =IFERROR(INDEX($K$72:$O$76,MATCH($B79,$J$72:$J$76,0),MATCH(E$78,$K$71:$O$71,0)),0) -> 0 | F79: =IFERROR(INDEX($K$72:$O$76,MATCH($B79,$J$72:$J$76,0),MATCH(F$78,$K$71:$O$71,0)),0) -> 0 | G79: =IFERROR(INDEX($K$72:$O$76,MATCH($B79,$J$72:$J$76,0),MATCH(G$78,$K$71:$O$71,0)),0) -> 0 | H79: =SUM(C79:G79) -> 0
B80: =B79+1 -> 2030 | C80: =IFERROR(INDEX($K$72:$O$76,MATCH($B80,$J$72:$J$76,0),MATCH(C$78,$K$71:$O$71,0)),0) -> 0 | D80: =IFERROR(INDEX($K$72:$O$76,MATCH($B80,$J$72:$J$76,0),MATCH(D$78,$K$71:$O$71,0)),0) -> 0 | E80: =IFERROR(INDEX($K$72:$O$76,MATCH($B80,$J$72:$J$76,0),MATCH(E$78,$K$71:$O$71,0)),0) -> 0 | F80: =IFERROR(INDEX($K$72:$O$76,MATCH($B80,$J$72:$J$76,0),MATCH(F$78,$K$71:$O$71,0)),0) -> 0 | G80: =IFERROR(INDEX($K$72:$O$76,MATCH($B80,$J$72:$J$76,0),MATCH(G$78,$K$71:$O$71,0)),0) -> 0 | H80: =SUM(C80:G80) -> 0
B81: =B80+1 -> 2031 | C81: =IFERROR(INDEX($K$72:$O$76,MATCH($B81,$J$72:$J$76,0),MATCH(C$78,$K$71:$O$71,0)),0) -> 0 | D81: =IFERROR(INDEX($K$72:$O$76,MATCH($B81,$J$72:$J$76,0),MATCH(D$78,$K$71:$O$71,0)),0) -> 0 | E81: =IFERROR(INDEX($K$72:$O$76,MATCH($B81,$J$72:$J$76,0),MATCH(E$78,$K$71:$O$71,0)),0) -> 0 | F81: =IFERROR(INDEX($K$72:$O$76,MATCH($B81,$J$72:$J$76,0),MATCH(F$78,$K$71:$O$71,0)),0) -> 0 | G81: =IFERROR(INDEX($K$72:$O$76,MATCH($B81,$J$72:$J$76,0),MATCH(G$78,$K$71:$O$71,0)),0) -> 0 | H81: =SUM(C81:G81) -> 0
B82: =B81+1 -> 2032 | C82: =IFERROR(INDEX($K$72:$O$76,MATCH($B82,$J$72:$J$76,0),MATCH(C$78,$K$71:$O$71,0)),0) -> 0 | D82: =IFERROR(INDEX($K$72:$O$76,MATCH($B82,$J$72:$J$76,0),MATCH(D$78,$K$71:$O$71,0)),0) -> 0 | E82: =IFERROR(INDEX($K$72:$O$76,MATCH($B82,$J$72:$J$76,0),MATCH(E$78,$K$71:$O$71,0)),0) -> 0 | F82: =IFERROR(INDEX($K$72:$O$76,MATCH($B82,$J$72:$J$76,0),MATCH(F$78,$K$71:$O$71,0)),0) -> 0 | G82: =IFERROR(INDEX($K$72:$O$76,MATCH($B82,$J$72:$J$76,0),MATCH(G$78,$K$71:$O$71,0)),0) -> 0 | H82: =SUM(C82:G82) -> 0
B83: =B82+1 -> 2033 | C83: =IFERROR(INDEX($K$72:$O$76,MATCH($B83,$J$72:$J$76,0),MATCH(C$78,$K$71:$O$71,0)),0) -> 0 | D83: =IFERROR(INDEX($K$72:$O$76,MATCH($B83,$J$72:$J$76,0),MATCH(D$78,$K$71:$O$71,0)),0) -> 0 | E83: =IFERROR(INDEX($K$72:$O$76,MATCH($B83,$J$72:$J$76,0),MATCH(E$78,$K$71:$O$71,0)),0) -> 0 | F83: =IFERROR(INDEX($K$72:$O$76,MATCH($B83,$J$72:$J$76,0),MATCH(F$78,$K$71:$O$71,0)),0) -> 0 | G83: =IFERROR(INDEX($K$72:$O$76,MATCH($B83,$J$72:$J$76,0),MATCH(G$78,$K$71:$O$71,0)),0) -> 0 | H83: =SUM(C83:G83) -> 0
B84: =B83+1 -> 2034 | C84: =IFERROR(INDEX($K$72:$O$76,MATCH($B84,$J$72:$J$76,0),MATCH(C$78,$K$71:$O$71,0)),0) -> 0 | D84: =IFERROR(INDEX($K$72:$O$76,MATCH($B84,$J$72:$J$76,0),MATCH(D$78,$K$71:$O$71,0)),0) -> 0 | E84: =IFERROR(INDEX($K$72:$O$76,MATCH($B84,$J$72:$J$76,0),MATCH(E$78,$K$71:$O$71,0)),0) -> 0 | F84: =IFERROR(INDEX($K$72:$O$76,MATCH($B84,$J$72:$J$76,0),MATCH(F$78,$K$71:$O$71,0)),0) -> 0 | G84: =IFERROR(INDEX($K$72:$O$76,MATCH($B84,$J$72:$J$76,0),MATCH(G$78,$K$71:$O$71,0)),0) -> 0 | H84: =SUM(C84:G84) -> 0
B85: =B84+1 -> 2035 | C85: =IFERROR(INDEX($K$72:$O$76,MATCH($B85,$J$72:$J$76,0),MATCH(C$78,$K$71:$O$71,0)),0) -> 0 | D85: =IFERROR(INDEX($K$72:$O$76,MATCH($B85,$J$72:$J$76,0),MATCH(D$78,$K$71:$O$71,0)),0) -> 0 | E85: =IFERROR(INDEX($K$72:$O$76,MATCH($B85,$J$72:$J$76,0),MATCH(E$78,$K$71:$O$71,0)),0) -> 0 | F85: =IFERROR(INDEX($K$72:$O$76,MATCH($B85,$J$72:$J$76,0),MATCH(F$78,$K$71:$O$71,0)),0) -> 0 | G85: =IFERROR(INDEX($K$72:$O$76,MATCH($B85,$J$72:$J$76,0),MATCH(G$78,$K$71:$O$71,0)),0) -> 0 | H85: =SUM(C85:G85) -> 0
B86: =B85+1 -> 2036 | C86: =IFERROR(INDEX($K$72:$O$76,MATCH($B86,$J$72:$J$76,0),MATCH(C$78,$K$71:$O$71,0)),0) -> 0 | D86: =IFERROR(INDEX($K$72:$O$76,MATCH($B86,$J$72:$J$76,0),MATCH(D$78,$K$71:$O$71,0)),0) -> 0 | E86: =IFERROR(INDEX($K$72:$O$76,MATCH($B86,$J$72:$J$76,0),MATCH(E$78,$K$71:$O$71,0)),0) -> 0 | F86: =IFERROR(INDEX($K$72:$O$76,MATCH($B86,$J$72:$J$76,0),MATCH(F$78,$K$71:$O$71,0)),0) -> 0 | G86: =IFERROR(INDEX($K$72:$O$76,MATCH($B86,$J$72:$J$76,0),MATCH(G$78,$K$71:$O$71,0)),0) -> 0 | H86: =SUM(C86:G86) -> 0
B87: =B86+1 -> 2037 | C87: =IFERROR(INDEX($K$72:$O$76,MATCH($B87,$J$72:$J$76,0),MATCH(C$78,$K$71:$O$71,0)),0) -> 0 | D87: =IFERROR(INDEX($K$72:$O$76,MATCH($B87,$J$72:$J$76,0),MATCH(D$78,$K$71:$O$71,0)),0) -> 0 | E87: =IFERROR(INDEX($K$72:$O$76,MATCH($B87,$J$72:$J$76,0),MATCH(E$78,$K$71:$O$71,0)),0) -> 0 | F87: =IFERROR(INDEX($K$72:$O$76,MATCH($B87,$J$72:$J$76,0),MATCH(F$78,$K$71:$O$71,0)),0) -> 0 | G87: =IFERROR(INDEX($K$72:$O$76,MATCH($B87,$J$72:$J$76,0),MATCH(G$78,$K$71:$O$71,0)),0) -> 0 | H87: =SUM(C87:G87) -> 0
B88: =B87+1 -> 2038 | C88: =IFERROR(INDEX($K$72:$O$76,MATCH($B88,$J$72:$J$76,0),MATCH(C$78,$K$71:$O$71,0)),0) -> 0 | D88: =IFERROR(INDEX($K$72:$O$76,MATCH($B88,$J$72:$J$76,0),MATCH(D$78,$K$71:$O$71,0)),0) -> 0 | E88: =IFERROR(INDEX($K$72:$O$76,MATCH($B88,$J$72:$J$76,0),MATCH(E$78,$K$71:$O$71,0)),0) -> 0 | F88: =IFERROR(INDEX($K$72:$O$76,MATCH($B88,$J$72:$J$76,0),MATCH(F$78,$K$71:$O$71,0)),0) -> 0 | G88: =IFERROR(INDEX($K$72:$O$76,MATCH($B88,$J$72:$J$76,0),MATCH(G$78,$K$71:$O$71,0)),0) -> 0 | H88: =SUM(C88:G88) -> 0
B89: =B88+1 -> 2039 | C89: =IFERROR(INDEX($K$72:$O$76,MATCH($B89,$J$72:$J$76,0),MATCH(C$78,$K$71:$O$71,0)),0) -> 0 | D89: =IFERROR(INDEX($K$72:$O$76,MATCH($B89,$J$72:$J$76,0),MATCH(D$78,$K$71:$O$71,0)),0) -> 0 | E89: =IFERROR(INDEX($K$72:$O$76,MATCH($B89,$J$72:$J$76,0),MATCH(E$78,$K$71:$O$71,0)),0) -> 0 | F89: =IFERROR(INDEX($K$72:$O$76,MATCH($B89,$J$72:$J$76,0),MATCH(F$78,$K$71:$O$71,0)),0) -> 0 | G89: =IFERROR(INDEX($K$72:$O$76,MATCH($B89,$J$72:$J$76,0),MATCH(G$78,$K$71:$O$71,0)),0) -> 0 | H89: =SUM(C89:G89) -> 0
B90: =B89+1 -> 2040 | C90: =IFERROR(INDEX($K$72:$O$76,MATCH($B90,$J$72:$J$76,0),MATCH(C$78,$K$71:$O$71,0)),0) -> 0 | D90: =IFERROR(INDEX($K$72:$O$76,MATCH($B90,$J$72:$J$76,0),MATCH(D$78,$K$71:$O$71,0)),0) -> 0 | E90: =IFERROR(INDEX($K$72:$O$76,MATCH($B90,$J$72:$J$76,0),MATCH(E$78,$K$71:$O$71,0)),0) -> 0 | F90: =IFERROR(INDEX($K$72:$O$76,MATCH($B90,$J$72:$J$76,0),MATCH(F$78,$K$71:$O$71,0)),0) -> 0 | G90: =IFERROR(INDEX($K$72:$O$76,MATCH($B90,$J$72:$J$76,0),MATCH(G$78,$K$71:$O$71,0)),0) -> 0 | H90: =SUM(C90:G90) -> 0
B91: =B90+1 -> 2041 | C91: =IFERROR(INDEX($K$72:$O$76,MATCH($B91,$J$72:$J$76,0),MATCH(C$78,$K$71:$O$71,0)),0) -> 0 | D91: =IFERROR(INDEX($K$72:$O$76,MATCH($B91,$J$72:$J$76,0),MATCH(D$78,$K$71:$O$71,0)),0) -> 0 | E91: =IFERROR(INDEX($K$72:$O$76,MATCH($B91,$J$72:$J$76,0),MATCH(E$78,$K$71:$O$71,0)),0) -> 0 | F91: =IFERROR(INDEX($K$72:$O$76,MATCH($B91,$J$72:$J$76,0),MATCH(F$78,$K$71:$O$71,0)),0) -> 0 | G91: =IFERROR(INDEX($K$72:$O$76,MATCH($B91,$J$72:$J$76,0),MATCH(G$78,$K$71:$O$71,0)),0) -> 0 | H91: =SUM(C91:G91) -> 0
... B102: =B101+1 -> 2052 | C102: =IFERROR(INDEX($K$72:$O$76,MATCH($B102,$J$72:$J$76,0),MATCH(C$78,$K$71:$O$71,0)),0) -> 0 | D102: =IFERROR(INDEX($K$72:$O$76,MATCH($B102,$J$72:$J$76,0),MATCH(D$78,$K$71:$O$71,0)),0) -> 0 | E102: =IFERROR(INDEX($K$72:$O$76,MATCH($B102,$J$72:$J$76,0),MATCH(E$78,$K$71:$O$71,0)),0) -> 0 | F102: =IFERROR(INDEX($K$72:$O$76,MATCH($B102,$J$72:$J$76,0),MATCH(F$78,$K$71:$O$71,0)),0) -> 155490.23 | G102: =IFERROR(INDEX($K$72:$O$76,MATCH($B102,$J$72:$J$76,0),MATCH(G$78,$K$71:$O$71,0)),0) -> 0 | H102: =SUM(C102:G102) -> 155490.23
A104: Total cost schedule
C106: B15 | D106: S18 | E106: E20 | F106: I24 | G106: M24 | H106: Total
B107: 2029 | C107: =C11+C45+C79 -> 0 | D107: =D11+D45+D79 -> 0 | E107: =E11+E45+E79 -> 0 | F107: =F11+F45+F79 -> 0 | G107: =G11+G45+G79 -> 0 | H107: =SUM(C107:G107) -> 0
B108: =B107+1 -> 2030 | C108: =C12+C46+C80 -> 0 | D108: =D12+D46+D80 -> 0 | E108: =E12+E46+E80 -> 0 | F108: =F12+F46+F80 -> 0 | G108: =G12+G46+G80 -> 0 | H108: =SUM(C108:G108) -> 0
B109: =B108+1 -> 2031 | C109: =C13+C47+C81 -> 0 | D109: =D13+D47+D81 -> 0 | E109: =E13+E47+E81 -> 0 | F109: =F13+F47+F81 -> 0 | G109: =G13+G47+G81 -> 0 | H109: =SUM(C109:G109) -> 0
B110: =B109+1 -> 2032 | C110: =C14+C48+C82 -> 0 | D110: =D14+D48+D82 -> 0 | E110: =E14+E48+E82 -> 0 | F110: =F14+F48+F82 -> 0 | G110: =G14+G48+G82 -> 0 | H110: =SUM(C110:G110) -> 0
B111: =B110+1 -> 2033 | C111: =C15+C49+C83 -> 0 | D111: =D15+D49+D83 -> 0 | E111: =E15+E49+E83 -> 0 | F111: =F15+F49+F83 -> 0 | G111: =G15+G49+G83 -> 0 | H111: =SUM(C111:G111) -> 0
B112: =B111+1 -> 2034 | C112: =C16+C50+C84 -> 65238.659 | D112: =D16+D50+D84 -> 0 | E112: =E16+E50+E84 -> 0 | F112: =F16+F50+F84 -> 0 | G112: =G16+G50+G84 -> 0 | H112: =SUM(C112:G112) -> 65238.659
B113: =B112+1 -> 2035 | C113: =C17+C51+C85 -> 67195.819 | D113: =D17+D51+D85 -> 0 | E113: =E17+E51+E85 -> 0 | F113: =F17+F51+F85 -> 0 | G113: =G17+G51+G85 -> 0 | H113: =SUM(C113:G113) -> 67195.819
B114: =B113+1 -> 2036 | C114: =C18+C52+C86 -> 69211.694 | D114: =D18+D52+D86 -> 0 | E114: =E18+E52+E86 -> 0 | F114: =F18+F52+F86 -> 0 | G114: =G18+G52+G86 -> 0 | H114: =SUM(C114:G114) -> 69211.694
B115: =B114+1 -> 2037 | C115: =C19+C53+C87 -> 71288.044 | D115: =D19+D53+D87 -> 71288.044 | E115: =E19+E53+E87 -> 0 | F115: =F19+F53+F87 -> 0 | G115: =G19+G53+G87 -> 0 | H115: =SUM(C115:G115) -> 142576.09
B116: =B115+1 -> 2038 | C116: =C20+C54+C88 -> 0 | D116: =D20+D54+D88 -> 73426.686 | E116: =E20+E54+E88 -> 0 | F116: =F20+F54+F88 -> 0 | G116: =G20+G54+G88 -> 0 | H116: =SUM(C116:G116) -> 73426.686
B117: =B116+1 -> 2039 | C117: =C21+C55+C89 -> 0 | D117: =D21+D55+D89 -> 75629.486 | E117: =E21+E55+E89 -> 75629.486 | F117: =F21+F55+F89 -> 0 | G117: =G21+G55+G89 -> 0 | H117: =SUM(C117:G117) -> 151258.97
B118: =B117+1 -> 2040 | C118: =C22+C56+C90 -> 623678.45 | D118: =D22+D56+D90 -> 77898.371 | E118: =E22+E56+E90 -> 77898.371 | F118: =F22+F56+F90 -> 0 | G118: =G22+G56+G90 -> 0 | H118: =SUM(C118:G118) -> 779475.2
B119: =B118+1 -> 2041 | C119: =C23+C57+C91 -> 0 | D119: =D23+D57+D91 -> 0 | E119: =E23+E57+E91 -> 80235.322 | F119: =F23+F57+F91 -> 0 | G119: =G23+G57+G91 -> 0 | H119: =SUM(C119:G119) -> 80235.322
... B130: =B129+1 -> 2052 | C130: =C34+C68+C102 -> 0 | D130: =D34+D68+D102 -> 0 | E130: =E34+E68+E102 -> 0 | F130: =F34+F68+F102 -> 155490.23 | G130: =G34+G68+G102 -> 0 | H130: =SUM(C130:G130) -> 155490.23

Sheet Children Maha
A2: Education cost schedule
A4: А15 | B4: 2010 | C4: Aisha | D4: Bachelor start age | E4: 19 | H4: Bachelor start Year | I4: 2025 | J4: =A4 -> А15 | L4: =A5 -> А14 | N4: =A6 -> С10 | P4: =A7 -> А8 | R4: Ожидаемая инфляция | S4: 0.03
A5: А14 | B5: 2011 | C5: Akhmad | E5: 19 | I5: =VLOOKUP(J4,$A$4:$B$7,2,0)+VLOOKUP(J4,$A$4:$E$7,5,0) -> 2029 | J5: =$S$6*(1+$S$4)^(I5-$I$4) -> 56275.44 | K5: =VLOOKUP(L4,$A$4:$B$8,2,0)+VLOOKUP(L4,$A$4:$E$8,5,0) -> 2030 | L5: =$S$6*(1+$S$4)^(K5-$I$4) -> 57963.704 | M5: =VLOOKUP(N4,$A$4:$B$8,2,0)+VLOOKUP(N4,$A$4:$E$8,5,0) -> 2034 | N5: =$S$6*(1+$S$4)^(M5-$I$4) -> 65238.659 | O5: =VLOOKUP(P4,$A$4:$B$8,2,0)+VLOOKUP(P4,$A$4:$E$8,5,0) -> 2036 | P5: =$S$6*(1+$S$4)^(O5-$I$4) -> 69211.694 | R5: Ожидаемый прирост цены на недвижимость | S5: 0.05
A6: С10 | B6: 2015 | C6: Solikha | E6: 19 | I6: =I5+1 -> 2030 | J6: =$S$6*(1+$S$4)^(I6-$I$4) -> 57963.704 | K6: =K5+1 -> 2031 | L6: =$S$6*(1+$S$4)^(K6-$I$4) -> 59702.615 | M6: =M5+1 -> 2035 | N6: =$S$6*(1+$S$4)^(M6-$I$4) -> 67195.819 | O6: =O5+1 -> 2037 | P6: =$S$6*(1+$S$4)^(O6-$I$4) -> 71288.044 | R6: Ежегодные расходы на бакалавриат на 1 ребенка | S6: 50000
A7: А8 | B7: 2017 | C7: Abdurakhim | E7: 19 | I7: =I6+1 -> 2031 | J7: =$S$6*(1+$S$4)^(I7-$I$4) -> 59702.615 | K7: =K6+1 -> 2032 | L7: =$S$6*(1+$S$4)^(K7-$I$4) -> 61493.693 | M7: =M6+1 -> 2036 | N7: =$S$6*(1+$S$4)^(M7-$I$4) -> 69211.694 | O7: =O6+1 -> 2038 | P7: =$S$6*(1+$S$4)^(O7-$I$4) -> 73426.686 | R7: Единовременный расход на квартиру на 1 ребенка | S7: 300000
I8: =I7+1 -> 2032 | J8: =$S$6*(1+$S$4)^(I8-$I$4) -> 61493.693 | K8: =K7+1 -> 2033 | L8: =$S$6*(1+$S$4)^(K8-$I$4) -> 63338.504 | M8: =M7+1 -> 2037 | N8: =$S$6*(1+$S$4)^(M8-$I$4) -> 71288.044 | O8: =O7+1 -> 2039 | P8: =$S$6*(1+$S$4)^(O8-$I$4) -> 75629.486 | R8: Единовременный расход на автомобиль на 1 ребенка | S8: 70000
C10: =A4 -> А15 | D10: =A5 -> А14 | E10: =A6 -> С10 | F10: =A7 -> А8 | G10: Total
B11: 2029 | C11: =IFERROR(INDEX($J$5:$P$8,MATCH($B11,$I$5:$I$8,0),MATCH(C$10,$J$4:$P$4,0)),0) -> 56275.44 | D11: =IFERROR(INDEX($J$5:$P$8,MATCH($B11,$K$5:$K$8,0),MATCH(D$10,$J$4:$P$4,0)),0) -> 0 | E11: =IFERROR(INDEX($J$5:$P$8,MATCH($B11,$M$5:$M$8,0),MATCH(E$10,$J$4:$P$4,0)),0) -> 0 | F11: =IFERROR(INDEX($J$5:$P$8,MATCH($B11,$O$5:$O$8,0),MATCH(F$10,$J$4:$P$4,0)),0) -> 0 | G11: =SUM(C11:F11) -> 56275.44
B12: =B11+1 -> 2030 | C12: =IFERROR(INDEX($J$5:$P$8,MATCH(B12,$I$5:$I$8,0),MATCH(C$10,$J$4:$P$4,0)),0) -> 57963.704 | D12: =IFERROR(INDEX($J$5:$P$8,MATCH($B12,$K$5:$K$8,0),MATCH(D$10,$J$4:$P$4,0)),0) -> 57963.704 | E12: =IFERROR(INDEX($J$5:$P$8,MATCH($B12,$M$5:$M$8,0),MATCH(E$10,$J$4:$P$4,0)),0) -> 0 | F12: =IFERROR(INDEX($J$5:$P$8,MATCH($B12,$O$5:$O$8,0),MATCH(F$10,$J$4:$P$4,0)),0) -> 0 | G12: =SUM(C12:F12) -> 115927.41
B13: =B12+1 -> 2031 | C13: =IFERROR(INDEX($J$5:$P$8,MATCH(B13,$I$5:$I$8,0),MATCH(C$10,$J$4:$P$4,0)),0) -> 59702.615 | D13: =IFERROR(INDEX($J$5:$P$8,MATCH($B13,$K$5:$K$8,0),MATCH(D$10,$J$4:$P$4,0)),0) -> 59702.615 | E13: =IFERROR(INDEX($J$5:$P$8,MATCH($B13,$M$5:$M$8,0),MATCH(E$10,$J$4:$P$4,0)),0) -> 0 | F13: =IFERROR(INDEX($J$5:$P$8,MATCH($B13,$O$5:$O$8,0),MATCH(F$10,$J$4:$P$4,0)),0) -> 0 | G13: =SUM(C13:F13) -> 119405.23
B14: =B13+1 -> 2032 | C14: =IFERROR(INDEX($J$5:$P$8,MATCH(B14,$I$5:$I$8,0),MATCH(C$10,$J$4:$P$4,0)),0) -> 61493.693 | D14: =IFERROR(INDEX($J$5:$P$8,MATCH($B14,$K$5:$K$8,0),MATCH(D$10,$J$4:$P$4,0)),0) -> 61493.693 | E14: =IFERROR(INDEX($J$5:$P$8,MATCH($B14,$M$5:$M$8,0),MATCH(E$10,$J$4:$P$4,0)),0) -> 0 | F14: =IFERROR(INDEX($J$5:$P$8,MATCH($B14,$O$5:$O$8,0),MATCH(F$10,$J$4:$P$4,0)),0) -> 0 | G14: =SUM(C14:F14) -> 122987.39
B15: =B14+1 -> 2033 | C15: =IFERROR(INDEX($J$5:$P$8,MATCH(B15,$I$5:$I$8,0),MATCH(C$10,$J$4:$P$4,0)),0) -> 0 | D15: =IFERROR(INDEX($J$5:$P$8,MATCH($B15,$K$5:$K$8,0),MATCH(D$10,$J$4:$P$4,0)),0) -> 63338.504 | E15: =IFERROR(INDEX($J$5:$P$8,MATCH($B15,$M$5:$M$8,0),MATCH(E$10,$J$4:$P$4,0)),0) -> 0 | F15: =IFERROR(INDEX($J$5:$P$8,MATCH($B15,$O$5:$O$8,0),MATCH(F$10,$J$4:$P$4,0)),0) -> 0 | G15: =SUM(C15:F15) -> 63338.504
B16: =B15+1 -> 2034 | C16: =IFERROR(INDEX($J$5:$P$8,MATCH(B16,$I$5:$I$8,0),MATCH(C$10,$J$4:$P$4,0)),0) -> 0 | D16: =IFERROR(INDEX($J$5:$P$8,MATCH($B16,$K$5:$K$8,0),MATCH(D$10,$J$4:$P$4,0)),0) -> 0 | E16: =IFERROR(INDEX($J$5:$P$8,MATCH($B16,$M$5:$M$8,0),MATCH(E$10,$J$4:$P$4,0)),0) -> 65238.659 | F16: =IFERROR(INDEX($J$5:$P$8,MATCH($B16,$O$5:$O$8,0),MATCH(F$10,$J$4:$P$4,0)),0) -> 0 | G16: =SUM(C16:F16) -> 65238.659
B17: =B16+1 -> 2035 | C17: =IFERROR(INDEX($J$5:$P$8,MATCH(B17,$I$5:$I$8,0),MATCH(C$10,$J$4:$P$4,0)),0) -> 0 | D17: =IFERROR(INDEX($J$5:$P$8,MATCH($B17,$K$5:$K$8,0),MATCH(D$10,$J$4:$P$4,0)),0) -> 0 | E17: =IFERROR(INDEX($J$5:$P$8,MATCH($B17,$M$5:$M$8,0),MATCH(E$10,$J$4:$P$4,0)),0) -> 67195.819 | F17: =IFERROR(INDEX($J$5:$P$8,MATCH($B17,$O$5:$O$8,0),MATCH(F$10,$J$4:$P$4,0)),0) -> 0 | G17: =SUM(C17:F17) -> 67195.819
B18: =B17+1 -> 2036 | C18: =IFERROR(INDEX($J$5:$P$8,MATCH(B18,$I$5:$I$8,0),MATCH(C$10,$J$4:$P$4,0)),0) -> 0 | D18: =IFERROR(INDEX($J$5:$P$8,MATCH($B18,$K$5:$K$8,0),MATCH(D$10,$J$4:$P$4,0)),0) -> 0 | E18: =IFERROR(INDEX($J$5:$P$8,MATCH($B18,$M$5:$M$8,0),MATCH(E$10,$J$4:$P$4,0)),0) -> 69211.694 | F18: =IFERROR(INDEX($J$5:$P$8,MATCH($B18,$O$5:$O$8,0),MATCH(F$10,$J$4:$P$4,0)),0) -> 69211.694 | G18: =SUM(C18:F18) -> 138423.39
B19: =B18+1 -> 2037 | C19: =IFERROR(INDEX($J$5:$P$8,MATCH(B19,$I$5:$I$8,0),MATCH(C$10,$J$4:$P$4,0)),0) -> 0 | D19: =IFERROR(INDEX($J$5:$P$8,MATCH($B19,$K$5:$K$8,0),MATCH(D$10,$J$4:$P$4,0)),0) -> 0 | E19: =IFERROR(INDEX($J$5:$P$8,MATCH($B19,$M$5:$M$8,0),MATCH(E$10,$J$4:$P$4,0)),0) -> 71288.044 | F19: =IFERROR(INDEX($J$5:$P$8,MATCH($B19,$O$5:$O$8,0),MATCH(F$10,$J$4:$P$4,0)),0) -> 71288.044 | G19: =SUM(C19:F19) -> 142576.09
B20: =B19+1 -> 2038 | C20: =IFERROR(INDEX($J$5:$P$8,MATCH(B20,$I$5:$I$8,0),MATCH(C$10,$J$4:$P$4,0)),0) -> 0 | D20: =IFERROR(INDEX($J$5:$P$8,MATCH($B20,$K$5:$K$8,0),MATCH(D$10,$J$4:$P$4,0)),0) -> 0 | E20: =IFERROR(INDEX($J$5:$P$8,MATCH($B20,$M$5:$M$8,0),MATCH(E$10,$J$4:$P$4,0)),0) -> 0 | F20: =IFERROR(INDEX($J$5:$P$8,MATCH($B20,$O$5:$O$8,0),MATCH(F$10,$J$4:$P$4,0)),0) -> 73426.686 | G20: =SUM(C20:F20) -> 73426.686
B21: =B20+1 -> 2039 | C21: =IFERROR(INDEX($J$5:$P$8,MATCH(B21,$I$5:$I$8,0),MATCH(C$10,$J$4:$P$4,0)),0) -> 0 | D21: =IFERROR(INDEX($J$5:$P$8,MATCH($B21,$K$5:$K$8,0),MATCH(D$10,$J$4:$P$4,0)),0) -> 0 | E21: =IFERROR(INDEX($J$5:$P$8,MATCH($B21,$M$5:$M$8,0),MATCH(E$10,$J$4:$P$4,0)),0) -> 0 | F21: =IFERROR(INDEX($J$5:$P$8,MATCH($B21,$O$5:$O$8,0),MATCH(F$10,$J$4:$P$4,0)),0) -> 75629.486 | G21: =SUM(C21:F21) -> 75629.486
B22: =B21+1 -> 2040 | C22: =IFERROR(INDEX($J$5:$P$8,MATCH(B22,$I$5:$I$8,0),MATCH(C$10,$J$4:$P$4,0)),0) -> 0 | D22: =IFERROR(INDEX($J$5:$P$8,MATCH($B22,$K$5:$K$8,0),MATCH(D$10,$J$4:$P$4,0)),0) -> 0 | E22: =IFERROR(INDEX($J$5:$P$8,MATCH($B22,$M$5:$M$8,0),MATCH(E$10,$J$4:$P$4,0)),0) -> 0 | F22: =IFERROR(INDEX($J$5:$P$8,MATCH($B22,$O$5:$O$8,0),MATCH(F$10,$J$4:$P$4,0)),0) -> 0 | G22: =SUM(C22:F22) -> 0
B23: =B22+1 -> 2041 | C23: =IFERROR(INDEX($J$5:$P$8,MATCH(B23,$I$5:$I$8,0),MATCH(C$10,$J$4:$P$4,0)),0) -> 0 | D23: =IFERROR(INDEX($J$5:$P$8,MATCH($B23,$K$5:$K$8,0),MATCH(D$10,$J$4:$P$4,0)),0) -> 0 | E23: =IFERROR(INDEX($J$5:$P$8,MATCH($B23,$M$5:$M$8,0),MATCH(E$10,$J$4:$P$4,0)),0) -> 0 | F23: =IFERROR(INDEX($J$5:$P$8,MATCH($B23,$O$5:$O$8,0),MATCH(F$10,$J$4:$P$4,0)),0) -> 0 | G23: =SUM(C23:F23) -> 0
... B34: =B33+1 -> 2052 | C34: =IFERROR(INDEX($J$5:$P$8,MATCH(B34,$I$5:$I$8,0),MATCH(C$10,$J$4:$P$4,0)),0) -> 0 | D34: =IFERROR(INDEX($J$5:$P$8,MATCH($B34,$K$5:$K$8,0),MATCH(D$10,$J$4:$P$4,0)),0) -> 0 | E34: =IFERROR(INDEX($J$5:$P$8,MATCH($B34,$M$5:$M$8,0),MATCH(E$10,$J$4:$P$4,0)),0) -> 0 | F34: =IFERROR(INDEX($J$5:$P$8,MATCH($B34,$O$5:$O$8,0),MATCH(F$10,$J$4:$P$4,0)),0) -> 0 | G34: =SUM(C34:F34) -> 0
A36: Property cost schedule
J37: =A38 -> А15 | K37: =A39 -> А14 | L37: =A40 -> С10 | M37: =A41 -> А8
A38: =$A$4 -> А15 | B38: =$B$4 -> 2010 | C38: Bilal | D38: Property purchase age | E38: 25 | H38: Property purchase year | I38: =B38+E38 -> 2035 | J38: =$S$7*(1+$S$5)^($I38-$I$4) -> 488668.39 | K38: 0 | L38: 0 | M38: 0
A39: =$A$5 -> А14 | B39: =$B$5 -> 2011 | C39: Safiya | E39: 25 | I39: =B39+E39 -> 2036 | J39: 0 | K39: =$S$7*(1+$S$5)^($I39-$I$4) -> 513101.81 | L39: 0 | M39: 0
A40: =$A$6 -> С10 | B40: =$B$6 -> 2015 | C40: Emin | E40: 25 | I40: =B40+E40 -> 2040 | J40: 0 | K40: 0 | L40: =$S$7*(1+$S$5)^($I40-$I$4) -> 623678.45 | M40: 0
A41: =$A$7 -> А8 | B41: =$B$7 -> 2017 | C41: Isa | E41: 25 | I41: =B41+E41 -> 2042 | J41: 0 | K41: 0 | L41: 0 | M41: =$S$7*(1+$S$5)^($I41-$I$4) -> 687605.5
C43: =J37 -> А15 | D43: =K37 -> А14 | E43: =L37 -> С10 | F43: =M37 -> А8 | G43: Total
B44: 2029 | C44: =IFERROR(INDEX($J$38:$N$41,MATCH($B44,$I$38:$I$41,0),MATCH(C$43,$J$37:$N$37,0)),0) -> 0 | D44: =IFERROR(INDEX($J$38:$N$41,MATCH($B44,$I$38:$I$41,0),MATCH(D$43,$J$37:$N$37,0)),0) -> 0 | E44: =IFERROR(INDEX($J$38:$N$41,MATCH($B44,$I$38:$I$41,0),MATCH(E$43,$J$37:$N$37,0)),0) -> 0 | F44: =IFERROR(INDEX($J$38:$N$41,MATCH($B44,$I$38:$I$41,0),MATCH(F$43,$J$37:$N$37,0)),0) -> 0 | G44: =SUM(C44:F44) -> 0
B45: =B44+1 -> 2030 | C45: =IFERROR(INDEX($J$38:$N$41,MATCH($B45,$I$38:$I$41,0),MATCH(C$43,$J$37:$N$37,0)),0) -> 0 | D45: =IFERROR(INDEX($J$38:$N$41,MATCH($B45,$I$38:$I$41,0),MATCH(D$43,$J$37:$N$37,0)),0) -> 0 | E45: =IFERROR(INDEX($J$38:$N$41,MATCH($B45,$I$38:$I$41,0),MATCH(E$43,$J$37:$N$37,0)),0) -> 0 | F45: =IFERROR(INDEX($J$38:$N$41,MATCH($B45,$I$38:$I$41,0),MATCH(F$43,$J$37:$N$37,0)),0) -> 0 | G45: =SUM(C45:F45) -> 0
B46: =B45+1 -> 2031 | C46: =IFERROR(INDEX($J$38:$N$41,MATCH($B46,$I$38:$I$41,0),MATCH(C$43,$J$37:$N$37,0)),0) -> 0 | D46: =IFERROR(INDEX($J$38:$N$41,MATCH($B46,$I$38:$I$41,0),MATCH(D$43,$J$37:$N$37,0)),0) -> 0 | E46: =IFERROR(INDEX($J$38:$N$41,MATCH($B46,$I$38:$I$41,0),MATCH(E$43,$J$37:$N$37,0)),0) -> 0 | F46: =IFERROR(INDEX($J$38:$N$41,MATCH($B46,$I$38:$I$41,0),MATCH(F$43,$J$37:$N$37,0)),0) -> 0 | G46: =SUM(C46:F46) -> 0
B47: =B46+1 -> 2032 | C47: =IFERROR(INDEX($J$38:$N$41,MATCH($B47,$I$38:$I$41,0),MATCH(C$43,$J$37:$N$37,0)),0) -> 0 | D47: =IFERROR(INDEX($J$38:$N$41,MATCH($B47,$I$38:$I$41,0),MATCH(D$43,$J$37:$N$37,0)),0) -> 0 | E47: =IFERROR(INDEX($J$38:$N$41,MATCH($B47,$I$38:$I$41,0),MATCH(E$43,$J$37:$N$37,0)),0) -> 0 | F47: =IFERROR(INDEX($J$38:$N$41,MATCH($B47,$I$38:$I$41,0),MATCH(F$43,$J$37:$N$37,0)),0) -> 0 | G47: =SUM(C47:F47) -> 0
B48: =B47+1 -> 2033 | C48: =IFERROR(INDEX($J$38:$N$41,MATCH($B48,$I$38:$I$41,0),MATCH(C$43,$J$37:$N$37,0)),0) -> 0 | D48: =IFERROR(INDEX($J$38:$N$41,MATCH($B48,$I$38:$I$41,0),MATCH(D$43,$J$37:$N$37,0)),0) -> 0 | E48: =IFERROR(INDEX($J$38:$N$41,MATCH($B48,$I$38:$I$41,0),MATCH(E$43,$J$37:$N$37,0)),0) -> 0 | F48: =IFERROR(INDEX($J$38:$N$41,MATCH($B48,$I$38:$I$41,0),MATCH(F$43,$J$37:$N$37,0)),0) -> 0 | G48: =SUM(C48:F48) -> 0
B49: =B48+1 -> 2034 | C49: =IFERROR(INDEX($J$38:$N$41,MATCH($B49,$I$38:$I$41,0),MATCH(C$43,$J$37:$N$37,0)),0) -> 0 | D49: =IFERROR(INDEX($J$38:$N$41,MATCH($B49,$I$38:$I$41,0),MATCH(D$43,$J$37:$N$37,0)),0) -> 0 | E49: =IFERROR(INDEX($J$38:$N$41,MATCH($B49,$I$38:$I$41,0),MATCH(E$43,$J$37:$N$37,0)),0) -> 0 | F49: =IFERROR(INDEX($J$38:$N$41,MATCH($B49,$I$38:$I$41,0),MATCH(F$43,$J$37:$N$37,0)),0) -> 0 | G49: =SUM(C49:F49) -> 0
B50: =B49+1 -> 2035 | C50: =IFERROR(INDEX($J$38:$N$41,MATCH($B50,$I$38:$I$41,0),MATCH(C$43,$J$37:$N$37,0)),0) -> 488668.39 | D50: =IFERROR(INDEX($J$38:$N$41,MATCH($B50,$I$38:$I$41,0),MATCH(D$43,$J$37:$N$37,0)),0) -> 0 | E50: =IFERROR(INDEX($J$38:$N$41,MATCH($B50,$I$38:$I$41,0),MATCH(E$43,$J$37:$N$37,0)),0) -> 0 | F50: =IFERROR(INDEX($J$38:$N$41,MATCH($B50,$I$38:$I$41,0),MATCH(F$43,$J$37:$N$37,0)),0) -> 0 | G50: =SUM(C50:F50) -> 488668.39
B51: =B50+1 -> 2036 | C51: =IFERROR(INDEX($J$38:$N$41,MATCH($B51,$I$38:$I$41,0),MATCH(C$43,$J$37:$N$37,0)),0) -> 0 | D51: =IFERROR(INDEX($J$38:$N$41,MATCH($B51,$I$38:$I$41,0),MATCH(D$43,$J$37:$N$37,0)),0) -> 513101.81 | E51: =IFERROR(INDEX($J$38:$N$41,MATCH($B51,$I$38:$I$41,0),MATCH(E$43,$J$37:$N$37,0)),0) -> 0 | F51: =IFERROR(INDEX($J$38:$N$41,MATCH($B51,$I$38:$I$41,0),MATCH(F$43,$J$37:$N$37,0)),0) -> 0 | G51: =SUM(C51:F51) -> 513101.81
B52: =B51+1 -> 2037 | C52: =IFERROR(INDEX($J$38:$N$41,MATCH($B52,$I$38:$I$41,0),MATCH(C$43,$J$37:$N$37,0)),0) -> 0 | D52: =IFERROR(INDEX($J$38:$N$41,MATCH($B52,$I$38:$I$41,0),MATCH(D$43,$J$37:$N$37,0)),0) -> 0 | E52: =IFERROR(INDEX($J$38:$N$41,MATCH($B52,$I$38:$I$41,0),MATCH(E$43,$J$37:$N$37,0)),0) -> 0 | F52: =IFERROR(INDEX($J$38:$N$41,MATCH($B52,$I$38:$I$41,0),MATCH(F$43,$J$37:$N$37,0)),0) -> 0 | G52: =SUM(C52:F52) -> 0
B53: =B52+1 -> 2038 | C53: =IFERROR(INDEX($J$38:$N$41,MATCH($B53,$I$38:$I$41,0),MATCH(C$43,$J$37:$N$37,0)),0) -> 0 | D53: =IFERROR(INDEX($J$38:$N$41,MATCH($B53,$I$38:$I$41,0),MATCH(D$43,$J$37:$N$37,0)),0) -> 0 | E53: =IFERROR(INDEX($J$38:$N$41,MATCH($B53,$I$38:$I$41,0),MATCH(E$43,$J$37:$N$37,0)),0) -> 0 | F53: =IFERROR(INDEX($J$38:$N$41,MATCH($B53,$I$38:$I$41,0),MATCH(F$43,$J$37:$N$37,0)),0) -> 0 | G53: =SUM(C53:F53) -> 0
B54: =B53+1 -> 2039 | C54: =IFERROR(INDEX($J$38:$N$41,MATCH($B54,$I$38:$I$41,0),MATCH(C$43,$J$37:$N$37,0)),0) -> 0 | D54: =IFERROR(INDEX($J$38:$N$41,MATCH($B54,$I$38:$I$41,0),MATCH(D$43,$J$37:$N$37,0)),0) -> 0 | E54: =IFERROR(INDEX($J$38:$N$41,MATCH($B54,$I$38:$I$41,0),MATCH(E$43,$J$37:$N$37,0)),0) -> 0 | F54: =IFERROR(INDEX($J$38:$N$41,MATCH($B54,$I$38:$I$41,0),MATCH(F$43,$J$37:$N$37,0)),0) -> 0 | G54: =SUM(C54:F54) -> 0
B55: =B54+1 -> 2040 | C55: =IFERROR(INDEX($J$38:$N$41,MATCH($B55,$I$38:$I$41,0),MATCH(C$43,$J$37:$N$37,0)),0) -> 0 | D55: =IFERROR(INDEX($J$38:$N$41,MATCH($B55,$I$38:$I$41,0),MATCH(D$43,$J$37:$N$37,0)),0) -> 0 | E55: =IFERROR(INDEX($J$38:$N$41,MATCH($B55,$I$38:$I$41,0),MATCH(E$43,$J$37:$N$37,0)),0) -> 623678.45 | F55: =IFERROR(INDEX($J$38:$N$41,MATCH($B55,$I$38:$I$41,0),MATCH(F$43,$J$37:$N$37,0)),0) -> 0 | G55: =SUM(C55:F55) -> 623678.45
B56: =B55+1 -> 2041 | C56: =IFERROR(INDEX($J$38:$N$41,MATCH($B56,$I$38:$I$41,0),MATCH(C$43,$J$37:$N$37,0)),0) -> 0 | D56: =IFERROR(INDEX($J$38:$N$41,MATCH($B56,$I$38:$I$41,0),MATCH(D$43,$J$37:$N$37,0)),0) -> 0 | E56: =IFERROR(INDEX($J$38:$N$41,MATCH($B56,$I$38:$I$41,0),MATCH(E$43,$J$37:$N$37,0)),0) -> 0 | F56: =IFERROR(INDEX($J$38:$N$41,MATCH($B56,$I$38:$I$41,0),MATCH(F$43,$J$37:$N$37,0)),0) -> 0 | G56: =SUM(C56:F56) -> 0
... B67: =B66+1 -> 2052 | C67: =IFERROR(INDEX($J$38:$N$41,MATCH($B67,$I$38:$I$41,0),MATCH(C$43,$J$37:$N$37,0)),0) -> 0 | D67: =IFERROR(INDEX($J$38:$N$41,MATCH($B67,$I$38:$I$41,0),MATCH(D$43,$J$37:$N$37,0)),0) -> 0 | E67: =IFERROR(INDEX($J$38:$N$41,MATCH($B67,$I$38:$I$41,0),MATCH(E$43,$J$37:$N$37,0)),0) -> 0 | F67: =IFERROR(INDEX($J$38:$N$41,MATCH($B67,$I$38:$I$41,0),MATCH(F$43,$J$37:$N$37,0)),0) -> 0 | G67: =SUM(C67:F67) -> 0
A69: Vehicle cost schedule
J70: =J37 -> А15 | K70: =K37 -> А14 | L70: =L37 -> С10 | M70: =M37 -> А8
A71: =$A$4 -> А15 | B71: =$B$4 -> 2010 | C71: Bilal | D71: Property purchase age | E71: 27 | H71: Property purchase year | I71: =B71+E71 -> 2037 | J71: =$S$8*(1+$S$4)^($I71-$I$4) -> 99803.262 | K71: 0 | L71: 0 | M71: 0
A72: =$A$5 -> А14 | B72: =$B$5 -> 2011 | C72: Safiya | E72: 27 | I72: =B72+E72 -> 2038 | J72: 0 | K72: =$S$8*(1+$S$4)^($I72-$I$4) -> 102797.36 | L72: 0 | M72: 0
A73: =$A$6 -> С10 | B73: =$B$6 -> 2015 | C73: Emin | E73: 27 | I73: =B73+E73 -> 2042 | J73: 0 | K73: 0 | L73: =$S$8*(1+$S$4)^($I73-$I$4) -> 115699.33 | M73: 0
A74: =$A$7 -> А8 | B74: =$B$7 -> 2017 | C74: Isa | E74: 28 | I74: =B74+E74 -> 2045 | J74: 0 | K74: 0 | L74: 0 | M74: =$S$8*(1+$S$4)^($I74-$I$4) -> 126427.79
C76: =J70 -> А15 | D76: =K70 -> А14 | E76: =L70 -> С10 | F76: =M70 -> А8 | G76: Total
B77: 2029 | C77: =IFERROR(INDEX($J$71:$N$74,MATCH($B77,$I$71:$I$74,0),MATCH(C$76,$J$70:$N$70,0)),0) -> 0 | D77: =IFERROR(INDEX($J$71:$N$74,MATCH($B77,$I$71:$I$74,0),MATCH(D$76,$J$70:$N$70,0)),0) -> 0 | E77: =IFERROR(INDEX($J$71:$N$74,MATCH($B77,$I$71:$I$74,0),MATCH(E$76,$J$70:$N$70,0)),0) -> 0 | F77: =IFERROR(INDEX($J$71:$N$74,MATCH($B77,$I$71:$I$74,0),MATCH(F$76,$J$70:$N$70,0)),0) -> 0 | G77: =SUM(C77:F77) -> 0
B78: =B77+1 -> 2030 | C78: =IFERROR(INDEX($J$71:$N$74,MATCH($B78,$I$71:$I$74,0),MATCH(C$76,$J$70:$N$70,0)),0) -> 0 | D78: =IFERROR(INDEX($J$71:$N$74,MATCH($B78,$I$71:$I$74,0),MATCH(D$76,$J$70:$N$70,0)),0) -> 0 | E78: =IFERROR(INDEX($J$71:$N$74,MATCH($B78,$I$71:$I$74,0),MATCH(E$76,$J$70:$N$70,0)),0) -> 0 | F78: =IFERROR(INDEX($J$71:$N$74,MATCH($B78,$I$71:$I$74,0),MATCH(F$76,$J$70:$N$70,0)),0) -> 0 | G78: =SUM(C78:F78) -> 0
B79: =B78+1 -> 2031 | C79: =IFERROR(INDEX($J$71:$N$74,MATCH($B79,$I$71:$I$74,0),MATCH(C$76,$J$70:$N$70,0)),0) -> 0 | D79: =IFERROR(INDEX($J$71:$N$74,MATCH($B79,$I$71:$I$74,0),MATCH(D$76,$J$70:$N$70,0)),0) -> 0 | E79: =IFERROR(INDEX($J$71:$N$74,MATCH($B79,$I$71:$I$74,0),MATCH(E$76,$J$70:$N$70,0)),0) -> 0 | F79: =IFERROR(INDEX($J$71:$N$74,MATCH($B79,$I$71:$I$74,0),MATCH(F$76,$J$70:$N$70,0)),0) -> 0 | G79: =SUM(C79:F79) -> 0
B80: =B79+1 -> 2032 | C80: =IFERROR(INDEX($J$71:$N$74,MATCH($B80,$I$71:$I$74,0),MATCH(C$76,$J$70:$N$70,0)),0) -> 0 | D80: =IFERROR(INDEX($J$71:$N$74,MATCH($B80,$I$71:$I$74,0),MATCH(D$76,$J$70:$N$70,0)),0) -> 0 | E80: =IFERROR(INDEX($J$71:$N$74,MATCH($B80,$I$71:$I$74,0),MATCH(E$76,$J$70:$N$70,0)),0) -> 0 | F80: =IFERROR(INDEX($J$71:$N$74,MATCH($B80,$I$71:$I$74,0),MATCH(F$76,$J$70:$N$70,0)),0) -> 0 | G80: =SUM(C80:F80) -> 0
B81: =B80+1 -> 2033 | C81: =IFERROR(INDEX($J$71:$N$74,MATCH($B81,$I$71:$I$74,0),MATCH(C$76,$J$70:$N$70,0)),0) -> 0 | D81: =IFERROR(INDEX($J$71:$N$74,MATCH($B81,$I$71:$I$74,0),MATCH(D$76,$J$70:$N$70,0)),0) -> 0 | E81: =IFERROR(INDEX($J$71:$N$74,MATCH($B81,$I$71:$I$74,0),MATCH(E$76,$J$70:$N$70,0)),0) -> 0 | F81: =IFERROR(INDEX($J$71:$N$74,MATCH($B81,$I$71:$I$74,0),MATCH(F$76,$J$70:$N$70,0)),0) -> 0 | G81: =SUM(C81:F81) -> 0
B82: =B81+1 -> 2034 | C82: =IFERROR(INDEX($J$71:$N$74,MATCH($B82,$I$71:$I$74,0),MATCH(C$76,$J$70:$N$70,0)),0) -> 0 | D82: =IFERROR(INDEX($J$71:$N$74,MATCH($B82,$I$71:$I$74,0),MATCH(D$76,$J$70:$N$70,0)),0) -> 0 | E82: =IFERROR(INDEX($J$71:$N$74,MATCH($B82,$I$71:$I$74,0),MATCH(E$76,$J$70:$N$70,0)),0) -> 0 | F82: =IFERROR(INDEX($J$71:$N$74,MATCH($B82,$I$71:$I$74,0),MATCH(F$76,$J$70:$N$70,0)),0) -> 0 | G82: =SUM(C82:F82) -> 0
B83: =B82+1 -> 2035 | C83: =IFERROR(INDEX($J$71:$N$74,MATCH($B83,$I$71:$I$74,0),MATCH(C$76,$J$70:$N$70,0)),0) -> 0 | D83: =IFERROR(INDEX($J$71:$N$74,MATCH($B83,$I$71:$I$74,0),MATCH(D$76,$J$70:$N$70,0)),0) -> 0 | E83: =IFERROR(INDEX($J$71:$N$74,MATCH($B83,$I$71:$I$74,0),MATCH(E$76,$J$70:$N$70,0)),0) -> 0 | F83: =IFERROR(INDEX($J$71:$N$74,MATCH($B83,$I$71:$I$74,0),MATCH(F$76,$J$70:$N$70,0)),0) -> 0 | G83: =SUM(C83:F83) -> 0
B84: =B83+1 -> 2036 | C84: =IFERROR(INDEX($J$71:$N$74,MATCH($B84,$I$71:$I$74,0),MATCH(C$76,$J$70:$N$70,0)),0) -> 0 | D84: =IFERROR(INDEX($J$71:$N$74,MATCH($B84,$I$71:$I$74,0),MATCH(D$76,$J$70:$N$70,0)),0) -> 0 | E84: =IFERROR(INDEX($J$71:$N$74,MATCH($B84,$I$71:$I$74,0),MATCH(E$76,$J$70:$N$70,0)),0) -> 0 | F84: =IFERROR(INDEX($J$71:$N$74,MATCH($B84,$I$71:$I$74,0),MATCH(F$76,$J$70:$N$70,0)),0) -> 0 | G84: =SUM(C84:F84) -> 0
B85: =B84+1 -> 2037 | C85: =IFERROR(INDEX($J$71:$N$74,MATCH($B85,$I$71:$I$74,0),MATCH(C$76,$J$70:$N$70,0)),0) -> 99803.262 | D85: =IFERROR(INDEX($J$71:$N$74,MATCH($B85,$I$71:$I$74,0),MATCH(D$76,$J$70:$N$70,0)),0) -> 0 | E85: =IFERROR(INDEX($J$71:$N$74,MATCH($B85,$I$71:$I$74,0),MATCH(E$76,$J$70:$N$70,0)),0) -> 0 | F85: =IFERROR(INDEX($J$71:$N$74,MATCH($B85,$I$71:$I$74,0),MATCH(F$76,$J$70:$N$70,0)),0) -> 0 | G85: =SUM(C85:F85) -> 99803.262
B86: =B85+1 -> 2038 | C86: =IFERROR(INDEX($J$71:$N$74,MATCH($B86,$I$71:$I$74,0),MATCH(C$76,$J$70:$N$70,0)),0) -> 0 | D86: =IFERROR(INDEX($J$71:$N$74,MATCH($B86,$I$71:$I$74,0),MATCH(D$76,$J$70:$N$70,0)),0) -> 102797.36 | E86: =IFERROR(INDEX($J$71:$N$74,MATCH($B86,$I$71:$I$74,0),MATCH(E$76,$J$70:$N$70,0)),0) -> 0 | F86: =IFERROR(INDEX($J$71:$N$74,MATCH($B86,$I$71:$I$74,0),MATCH(F$76,$J$70:$N$70,0)),0) -> 0 | G86: =SUM(C86:F86) -> 102797.36
B87: =B86+1 -> 2039 | C87: =IFERROR(INDEX($J$71:$N$74,MATCH($B87,$I$71:$I$74,0),MATCH(C$76,$J$70:$N$70,0)),0) -> 0 | D87: =IFERROR(INDEX($J$71:$N$74,MATCH($B87,$I$71:$I$74,0),MATCH(D$76,$J$70:$N$70,0)),0) -> 0 | E87: =IFERROR(INDEX($J$71:$N$74,MATCH($B87,$I$71:$I$74,0),MATCH(E$76,$J$70:$N$70,0)),0) -> 0 | F87: =IFERROR(INDEX($J$71:$N$74,MATCH($B87,$I$71:$I$74,0),MATCH(F$76,$J$70:$N$70,0)),0) -> 0 | G87: =SUM(C87:F87) -> 0
B88: =B87+1 -> 2040 | C88: =IFERROR(INDEX($J$71:$N$74,MATCH($B88,$I$71:$I$74,0),MATCH(C$76,$J$70:$N$70,0)),0) -> 0 | D88: =IFERROR(INDEX($J$71:$N$74,MATCH($B88,$I$71:$I$74,0),MATCH(D$76,$J$70:$N$70,0)),0) -> 0 | E88: =IFERROR(INDEX($J$71:$N$74,MATCH($B88,$I$71:$I$74,0),MATCH(E$76,$J$70:$N$70,0)),0) -> 0 | F88: =IFERROR(INDEX($J$71:$N$74,MATCH($B88,$I$71:$I$74,0),MATCH(F$76,$J$70:$N$70,0)),0) -> 0 | G88: =SUM(C88:F88) -> 0
B89: =B88+1 -> 2041 | C89: =IFERROR(INDEX($J$71:$N$74,MATCH($B89,$I$71:$I$74,0),MATCH(C$76,$J$70:$N$70,0)),0) -> 0 | D89: =IFERROR(INDEX($J$71:$N$74,MATCH($B89,$I$71:$I$74,0),MATCH(D$76,$J$70:$N$70,0)),0) -> 0 | E89: =IFERROR(INDEX($J$71:$N$74,MATCH($B89,$I$71:$I$74,0),MATCH(E$76,$J$70:$N$70,0)),0) -> 0 | F89: =IFERROR(INDEX($J$71:$N$74,MATCH($B89,$I$71:$I$74,0),MATCH(F$76,$J$70:$N$70,0)),0) -> 0 | G89: =SUM(C89:F89) -> 0
... B100: =B99+1 -> 2052 | C100: =IFERROR(INDEX($J$71:$N$74,MATCH($B100,$I$71:$I$74,0),MATCH(C$76,$J$70:$N$70,0)),0) -> 0 | D100: =IFERROR(INDEX($J$71:$N$74,MATCH($B100,$I$71:$I$74,0),MATCH(D$76,$J$70:$N$70,0)),0) -> 0 | E100: =IFERROR(INDEX($J$71:$N$74,MATCH($B100,$I$71:$I$74,0),MATCH(E$76,$J$70:$N$70,0)),0) -> 0 | F100: =IFERROR(INDEX($J$71:$N$74,MATCH($B100,$I$71:$I$74,0),MATCH(F$76,$J$70:$N$70,0)),0) -> 0 | G100: =SUM(C100:F100) -> 0
A102: Total cost schedule
C104: B15 | D104: S18 | E104: E20 | F104: I24 | G104: Total
B105: 2029 | C105: =C11+C44+C77 -> 56275.44 | D105: =D11+D44+D77 -> 0 | E105: =E11+E44+E77 -> 0 | F105: =F11+F44+F77 -> 0 | G105: =SUM(C105:F105) -> 56275.44
B106: =B105+1 -> 2030 | C106: =C12+C45+C78 -> 57963.704 | D106: =D12+D45+D78 -> 57963.704 | E106: =E12+E45+E78 -> 0 | F106: =F12+F45+F78 -> 0 | G106: =SUM(C106:F106) -> 115927.41
B107: =B106+1 -> 2031 | C107: =C13+C46+C79 -> 59702.615 | D107: =D13+D46+D79 -> 59702.615 | E107: =E13+E46+E79 -> 0 | F107: =F13+F46+F79 -> 0 | G107: =SUM(C107:F107) -> 119405.23
B108: =B107+1 -> 2032 | C108: =C14+C47+C80 -> 61493.693 | D108: =D14+D47+D80 -> 61493.693 | E108: =E14+E47+E80 -> 0 | F108: =F14+F47+F80 -> 0 | G108: =SUM(C108:F108) -> 122987.39
B109: =B108+1 -> 2033 | C109: =C15+C48+C81 -> 0 | D109: =D15+D48+D81 -> 63338.504 | E109: =E15+E48+E81 -> 0 | F109: =F15+F48+F81 -> 0 | G109: =SUM(C109:F109) -> 63338.504
B110: =B109+1 -> 2034 | C110: =C16+C49+C82 -> 0 | D110: =D16+D49+D82 -> 0 | E110: =E16+E49+E82 -> 65238.659 | F110: =F16+F49+F82 -> 0 | G110: =SUM(C110:F110) -> 65238.659
B111: =B110+1 -> 2035 | C111: =C17+C50+C83 -> 488668.39 | D111: =D17+D50+D83 -> 0 | E111: =E17+E50+E83 -> 67195.819 | F111: =F17+F50+F83 -> 0 | G111: =SUM(C111:F111) -> 555864.21
B112: =B111+1 -> 2036 | C112: =C18+C51+C84 -> 0 | D112: =D18+D51+D84 -> 513101.81 | E112: =E18+E51+E84 -> 69211.694 | F112: =F18+F51+F84 -> 69211.694 | G112: =SUM(C112:F112) -> 651525.19
B113: =B112+1 -> 2037 | C113: =C19+C52+C85 -> 99803.262 | D113: =D19+D52+D85 -> 0 | E113: =E19+E52+E85 -> 71288.044 | F113: =F19+F52+F85 -> 71288.044 | G113: =SUM(C113:F113) -> 242379.35
B114: =B113+1 -> 2038 | C114: =C20+C53+C86 -> 0 | D114: =D20+D53+D86 -> 102797.36 | E114: =E20+E53+E86 -> 0 | F114: =F20+F53+F86 -> 73426.686 | G114: =SUM(C114:F114) -> 176224.05
B115: =B114+1 -> 2039 | C115: =C21+C54+C87 -> 0 | D115: =D21+D54+D87 -> 0 | E115: =E21+E54+E87 -> 0 | F115: =F21+F54+F87 -> 75629.486 | G115: =SUM(C115:F115) -> 75629.486
B116: =B115+1 -> 2040 | C116: =C22+C55+C88 -> 0 | D116: =D22+D55+D88 -> 0 | E116: =E22+E55+E88 -> 623678.45 | F116: =F22+F55+F88 -> 0 | G116: =SUM(C116:F116) -> 623678.45
B117: =B116+1 -> 2041 | C117: =C23+C56+C89 -> 0 | D117: =D23+D56+D89 -> 0 | E117: =E23+E56+E89 -> 0 | F117: =F23+F56+F89 -> 0 | G117: =SUM(C117:F117) -> 0
... B128: =B127+1 -> 2052 | C128: =C34+C67+C100 -> 0 | D128: =D34+D67+D100 -> 0 | E128: =E34+E67+E100 -> 0 | F128: =F34+F67+F100 -> 0 | G128: =SUM(C128:F128) -> 0
